Workbook
Name \0: #REF!
Name \0: #REF!
Name \0: #REF!
Name \0: #REF!
Name \0: #REF!
Name \0: #REF!
Name \0: #REF!
Name \0: #REF!
Name \0: #REF!
Name \0: #REF!
Name \0: #REF!
Name \0: #REF!
Name \00: #REF!
Name \00: #REF!
Name \00: #REF!
Name \00: #REF!
Name \00: #REF!
Name \00: #REF!
Name \00: #REF!
Name \00: #REF!
Name \00: #REF!
Name \00: #REF!
Name \00: #REF!
Name \00: #REF!
Name \01: #REF!
Name \01: #REF!
Name \01: #REF!
Name \01: #REF!
Name \01: #REF!
Name \01: #REF!
Name \01: #REF!
Name \01: #REF!
Name \01: #REF!
Name \01: #REF!
Name \01: #REF!
Name \01: #REF!
Name \a: #REF!
Name \a: #REF!
Name \a: #REF!
Name \a: #REF!
Name \a: #REF!
Name \a: #REF!
Name \a: #REF!
Name \a: #REF!
Name \a: #REF!
Name \a: #REF!
Name \a: #REF!
Name \AA: #REF!
Name \AA: #REF!
Name \AA: #REF!
Name \AA: #REF!
Name \AA: #REF!
Name \AA: #REF!
Name \AA: #REF!
Name \AA: #REF!
Name \AA: #REF!
Name \AA: #REF!
Name \AA: #REF!
Name \b: #REF!
Name \b: #REF!

Sheet ADMINISTRACION 
B1: =+PRESUPUESTO!C6 -> Rehabilitación y mantenimiento del puente peatonal en estructura mixta de madera y sistema de suspensión en la comunidad de La Chorrera, Departamento de Amazonas
B2: ADMINISTRACION
B3: ÍTEM | C3: PERSONAL | D3: CAN | E3: JORNAL TOTAL/MES | F3: PRESTACIONES | G3: MESES | H3: DEDICACION (%) | I3: VALOR
B4: 1 | C4: DIRECTOR DEL PROYECTO | D4: 1 | E4: 6500000 | F4: =+'RECARGO PRESTACIONAL'!P46 -> 0.65151203 | G4: 1.5 | H4: 0.15 | I4: =+ROUND((((E4*(1+F4))*G4*H4)*D4),0) -> 2415336
B5: 2 | C5: RESIDENTE DE OBRA | D5: 1 | E5: 4200000 | F5: =+'RECARGO PRESTACIONAL'!L46 -> 0.69608012 | G5: =+G4 -> 1.5 | H5: 1 | I5: =+ROUND((((E5*(1+F5))*G5*H5)*D5),0) -> 10685305
B6: 3 | C6: PROFESIONAL SISO | D6: 1 | E6: 4100000 | F6: =+'RECARGO PRESTACIONAL'!L46 -> 0.69608012 | G6: =+G5 -> 1.5 | H6: 0.7 | I6: =+ROUND((((E6*(1+F6))*G6*H6)*D6),0) -> 7301625
B8: TOTAL 1 | I8: =ROUND(SUM(I4:I6),0) -> 20402266
B10: ITEM | C10: GASTOS GENERALES | F10: UTILIZACION | G10: VALOR MENSUAL | H10: NUMERO DE MESES | I10: VALOR
B11: 1 | C11: Valla de identificación de obra | F11: 1 | G11: 400000 | H11: 1 | I11: =+ROUND(H11*G11*F11,0) -> 400000
B12: 2 | C12: Papelería Mensual, fotocopias, edición informes, registros fotográficos entre otros | F12: 1 | G12: 400000 | H12: 1.5 | I12: =+ROUND(H12*G12*F12,2) -> 600000
B13: 3 | C13: Seguridad industrial y dotación | F13: 1 | G13: 2500000 | H13: =+H12 -> 1.5 | I13: =+ROUND(H13*G13*F13,2) -> 3750000
B15: TOTAL 2 | I15: =ROUND(SUM(I11:I13),0) -> 4750000
B17: ITEM | C17: COSTOS DE LEGALIZACIÓN | F17: UTILIZACION | G17: COSTO DIRECTO | I17: VALOR
B18: 1 | C18: Constribucion especial | F18: 0.05 | G18: =PRESUPUESTO!H38*60% -> 85494587 | I18: =ROUND(+F18*$G$18,0) -> 4274729
B19: 2 | C19: Tasa Pro Deporte y Recreación | F19: 0.015 | I19: =ROUND(+F19*$G$18,0) -> 1282419
B20: 3 | C20: Fondo departamental de bomberos | F20: 0.005 | I20: =ROUND(+F20*$G$18,0) -> 427473
B21: 4 | C21: Estampilla Pro desarrollo Departamental | F21: 0.015 | I21: =ROUND(+F21*$G$18,0) -> 1282419
B22: 5 | C22: Estampilla Pro-cultura | F22: 0.015 | I22: =ROUND(+F22*$G$18,0) -> 1282419
B23: 6 | C23: Estampilla Pro-Desarrollo Fronterizo | F23: 0.01 | I23: =ROUND(+F23*$G$18,0) -> 854946
B24: 7 | C24: Estampilla Pro-Universidad de la Amazonia | F24: 0.01 | I24: =ROUND(+F24*$G$18,0) -> 854946
B25: 8 | C25: Estampilla Pro-Electrificacion | F25: 0.01 | I25: =ROUND(+F25*$G$18,0) -> 854946
B26: 9 | C26: Estampilla Adulto Mayor | F26: 0.04 | I26: =ROUND(+F26*$G$18,0) -> 3419783
B27: 10 | C27: Estampilla Justicia Familiar/Bancolombia | F27: 0.02 | I27: =ROUND(+F27*$G$18,0) -> 1709892
B28: 12 | C28: Polizas | F28: 0.01 | I28: =ROUND(+F28*$G$18,0) -> 854946
B30: TOTAL 3 OTROS GASTOS | I30: =ROUND(SUM(I18:I28),0) -> 17098918
B32: TOTAL GASTOS ADMINISTRACION ( TOTAL 1 + TOTAL 2 + TOTAL 3 ) | I32: =+I30+I15+I8 -> 42251184
B33: (TOTAL GASTOS ADMINISTRACION / COSTOS DIRECTOS) X 100
B35: COSTO DIRECTO | I35: =+PRESUPUESTO!H38 -> 1.4249098e+08 | J35: =0.29*I35 -> 41322384
B36: ADMINISTRACIÓN | H36: =I32/I35 -> 0.29651831 | I36: =+I32 -> 42251184 | J36: =+I36-J35 -> 928800.3
B37: IMPREVISTOS | H37: 0.01 | I37: =ROUND(+I35*H37,0) -> 1424910
B38: UTILIDAD | H38: 0.06 | I38: =ROUND(+I35*H38,0) -> 8549459
B39: =+'APU''s CHORRERA'!B395:H395 -> Elaboró: Jose Luis Galdino P.U. D.I. SPDT - Arquitecto Revisó: Luiza Sthefanya Vera Balarezo P.U. Dirección de Infraestructura - Ingeniera Civil | J39: =+I35*0.29 -> 41322384

Sheet PAGA
B2: GOBERNACIÓN DEL AMAZONAS
B7: Rehabilitación y mantenimiento del puente peatonal en estructura mixta de madera y sistema de suspensión en la comunidad de La Chorrera, Departamento de Amazonas
B8: PLAN DE ADAPTACIÓN DE LA GUÍA AMBIENTAL | H8: FECHA DE ELABORACIÓN: JUNIO 2026
B10: PROGRAMA | C10: FICHA | D10: DESCRIPCIÓN ACTIVIDADES | E10: UND | F10: CANT | G10: UND | H10: CANT | I10: VALOR UNITARIO | J10: VALOR PARCIAL
B11: 1 | C11: PROGRAMA 1. GESTIÓN AMBIENTAL Y DE SEGURIDAD Y SALUD EN EL TRABAJO | J11: =SUM(J14:J18) -> 4000000
C12: GA-SST-1.1-01 | D12: Capacitaciones
D13: Material de capacitación (impresiones) | E13: UND | F13: 120 | G13: Meses | H13: 2 | I13: Incluido en presupuesto de administración
D14: Refrigerios personal | E14: UND | F14: 60 | G14: Meses | H14: 2 | I14: 20000 | J14: =ROUND(+H14*I14,0)*F14 -> 2400000
D15: Cumplimiento requerimientos legales
D16: Botiquín tipo A | E16: UND | F16: 1 | G16: Meses | H16: 1 | I16: 300000 | J16: =ROUND(+H16*I16,0)*F16 -> 300000
D17: Extintor ABC 20 Lb | E17: UND | F17: 2 | G17: Meses | H17: 1 | I17: 350000 | J17: =H17*I17*F17 -> 700000
D18: Camilla De emergencia | E18: UND | F18: 1 | G18: Meses | H18: 1 | I18: 600000 | J18: =ROUND(+H18*I18,0)*F18 -> 600000
D19: Elementos de EPPs | E19: % | F19: 80 | G19: Meses | H19: 2 | I19: Incluido en presupuesto de administración
B20: 2 | C20: PROGRAMA 2. ACTIVIDADES CONSTRUCTIVAS | J20: =SUM(J22:J23) -> 1400000
C21: PAC-2.1-02 | D21: Planeación y control de obra
D22: Tela verde de cerramiento x100 mt | E22: UND | F22: 2 | G22: Meses | H22: 1 | I22: 625000 | J22: =I22*F22 -> 1250000
D23: Cinta de peligro x500 mt | E23: UND | F23: 1 | G23: Meses | H23: 1 | I23: 150000 | J23: =I23*F23 -> 150000
D24: Señalización de obra | E24: UND | F24: 2 | G24: Meses | H24: 2 | I24: Incluido en presupuesto de administración
B25: 3 | C25: PROGRAMA 3,. MANEJO INTEGRAL DE RESIDUOS SÓLIDOS CONVENCIONALES Y ESPECIALES | J25: =ROUND(+J27+J28+J29,0) -> 5100000
C26: PRS-3.1-03 | D26: Recolección, almacenamiento y transporte
D27: Puntos ecológicos | E27: UND | F27: 1 | G27: Meses | H27: 2 | I27: 650000 | J27: =ROUND(+F27*H27*I27,0) -> 1300000
D28: Centro de acopio con suministro de bolsas | E28: UND | F28: 1 | G28: Meses | H28: 2 | I28: 1000000 | J28: =ROUND(+F28*H28*I28,0) -> 2000000
D29: Disposición final | E29: UND | F29: 2 | G29: Meses | H29: 1 | I29: 900000 | J29: =I29*F29*H29 -> 1800000
B30: 4 | C30: PROGRAMA 6, GESTIÓN SOCIOAMBIENTAL | J30: =ROUND(+J35,0) -> 0
C31: PGSA-4.1-04 | D31: Atención e información a la comunidad
D32: Punto informativo | E32: UND | F32: 2 | G32: Meses | H32: 1 | I32: Incluido en presupuesto de administración
D33: Recepción de PGR | E33: UND | F33: 1 | G33: Meses | H33: 2 | I33: Incluido en presupuesto de administración
D34: Inversión socioambiental (daños y afectación a terceros) | E34: % | F34: 10 | G34: Meses | H34: 2 | I34: Incluido en presupuesto de administración
D35: Contratación de mano de obra. | E35: % | F35: 30 | G35: Meses | H35: 2 | I35: Incluido en presupuesto de administración
B36: 7 | C36: PROGRAMA 7,MANEJO DE COBERTURA VEGETAL Y COMPENSACIÓN AMBIENTAL
C37: PMVV-7.1-10 | D37: Gestión del permiso de tala ante CORPOAMAZONIA | E37: UND | F37: 1 | G37: Meses | H37: 1 | I37: Incluido en presupuesto de administración
D38: Socialización con la comunidad | E38: UND | F38: 1 | G38: Meses | H38: 1 | I38: Incluido en presupuesto de administración
D39: Ejecución de la tala autorizada | E39: UND | F39: 1 | G39: Meses | H39: 1 | I39: Incluido en presupuesto de administración
D40: Diseño y aprobación del plan de compensación forestal | E40: UND | F40: 1 | G40: Meses | H40: 1 | I40: Incluido en presupuesto de administración
D41: Implementación de la compensación forestal | E41: UND | F41: 1 | G41: Meses | H41: 1 | I41: Incluido en presupuesto de administración
D42: Seguimiento, control y reporte de cumplimiento | E42: UND | F42: 1 | G42: Meses | H42: 3 | I42: Incluido en presupuesto de administración
B43: TOTAL | J43: =ROUND(J25+J20+J11+J30,) -> 10500000
E47: Elaboro:
G48: Ing. MIGUEL ANGEL CORDOBA BURGOS
G49: Profesional Ingenieria Ambiental

Sheet APU's CHORRERA
B2: Rehabilitación y mantenimiento del puente peatonal en estructura mixta de madera y sistema de suspensión en la comunidad de La Chorrera, Departamento de Amazonas
B3: CAPITULO | E3: 1. PRELIMINARES
B4: ITEM | C4: 1.1 | E4: =+VLOOKUP(C4,PRESUPUESTO!$C$1:$H$221,2,FALSE) -> Localización y replanteo (Incluye equipos de topografia) | I4: =+H33 -> 13853.977
B5: A.P.U | G5: Unidad
G6: =+VLOOKUP(C4,PRESUPUESTO!$C$1:$H$221,3,FALSE) -> m2
B7: Materiales
C8: Descripción | D8: Unidad | E8: Cantidad | F8: Vr. Unitario | H8: Vr. Parcial
B9: 1 | C9: ESTACAS DE MADERA | D9: =VLOOKUP(C9,'INSUMOS 2026'!C5:D57,2,FALSE) -> UND | E9: 0.1 | F9: =+VLOOKUP(C9,'INSUMOS 2026'!$C$1:$F$394,4,FALSE) -> 1812.975 | H9: =+E9*F9 -> 181.2975
B10: 2 | C10: PUNTILLA MADERA | D10: =VLOOKUP(C10,'INSUMOS 2026'!C5:D57,2,FALSE) -> LB | E10: 0.1 | F10: =+VLOOKUP(C10,'INSUMOS 2026'!$C$1:$F$394,4,FALSE) -> 6306 | H10: =+E10*F10 -> 630.6
B11: 3 | H11: =+E11*F11 -> 0
H12: =+E12*F12 -> 0
H13: =+E13*F13 -> 0
H14: =+E14*F14 -> 0
H15: =+E15*F15 -> 0
H16: =+E16*F16 -> 0
E17: Subtotal Materiales | H17: =+SUM(H9:H16) -> 811.8975
B18: Equipos
C19: Descripción | D19: Unidad | E19: Tarifas | F19: Cantidad | G19: Vr. Unitario | H19: Vr. Parcial
B20: 1 | C20: HERRAMIENTA MENOR | D20: % | E20: 0.1 | F20: 0.1 | G20: =+H32 -> 8034.6175 | H20: =+G20*F20 -> 803.46175
C21: ALQUILER EQUIPO DE TOPOGRAFIA (NIVEL, ESTACIÓN) | D21: MES | E21: 2102000 | F21: 0.002 | G21: =+E21*F21 -> 4204 | H21: =+G21 -> 4204
H22: =+SUM(H20:H21) -> 5007.4618
B23: Transporte
C24: Descripción | D24: Unidad | E24: Vol o Peso | F24: Distancia | G24: Tarifa | H24: Vr. Parcial
B25: 1 | H25: =+E25*F25*G25 -> 0
E27: Subtotal Transporte | H27: =+SUM(H25:H26) -> 0
B28: Mano de Obra
C29: Descripción | D29: Unidad | F29: Vr. Unitario | G29: Rendimiento m/hora | H29: Vr. Parcial
B30: 1 | C30: COMISION TOPOGRAFIA (TOP+CAD 1+CAD 2) | D30: dia | F30: =+VLOOKUP(C30,'CUADRILLAS 2026'!$B$10:$F$317,5,FALSE) -> 459121 | G30: 0.0175 | H30: =+F30*G30 -> 8034.6175
H31: =+F31*G31 -> 0
E32: Subtotal Mano de obra | H32: =+SUM(H29:H31) -> 8034.6175
E33: Costo Directo | H33: =+H17+H22++H27+H32 -> 13853.977
B34: Elaboró: Jose Luis Galdino P.U. D.I. SPDT - Arquitecto Revisó: Luiza Sthefanya Vera Balarezo P.U. Dirección de Infraestructura - Ingeniera Civil
B37: Rehabilitación y mantenimiento del puente peatonal en estructura mixta de madera y sistema de suspensión en la comunidad de La Chorrera, Departamento de Amazonas
B38: CAPITULO | E38: =PRESUPUESTO!$C$15 -> 2. CIMENTACIÓN
B39: ITEM | C39: 2.1 | E39: =+VLOOKUP(C39,PRESUPUESTO!$C$1:$H$221,2,FALSE) -> Placa de proteccion cimentacion en concreto 3000 PSI E=0.05 M | I39: =+H68 -> 321053.23
B40: A.P.U | G40: Unidad
G41: =+VLOOKUP(C39,PRESUPUESTO!$C$1:$H$221,3,FALSE) -> m2
B42: Materiales
C43: Descripción | D43: Unidad | E43: Cantidad | F43: Vr. Unitario | H43: Vr. Parcial
C44: BASICO CONCRETO 3000 PSI | D44: =VLOOKUP(C44,'INSUMOS 2026'!C5:D57,2,FALSE) -> M3 | E44: =1*1*0.05 -> 0.05 | F44: =+VLOOKUP(C44,'INSUMOS 2026'!$C$1:$F$394,4,FALSE) -> 2287207 | H44: =+E44*F44 -> 114360.35
C45: ALAMBRE NEGRO | D45: =VLOOKUP(C45,'INSUMOS 2026'!C6:D58,2,FALSE) -> KG | E45: 0.05 | F45: =+VLOOKUP(C45,'INSUMOS 2026'!$C$1:$F$394,4,FALSE) -> 9317.115 | H45: =+E45*F45 -> 465.85575
C46: Adhitivo Separol (15kg) | D46: Kg | E46: 0.72 | F46: =+VLOOKUP(C46,'INSUMOS 2026'!$C$1:$F$394,4,FALSE) -> 35000 | H46: =+E46*F46 -> 25200
C47: Puntilla surtida caja x 500gr. | D47: Lb | E47: 0.1 | F47: =+VLOOKUP(C47,'INSUMOS 2026'!$C$1:$F$394,4,FALSE) -> 6500 | H47: =+E47*F47 -> 650
H48: =+E48*F48 -> 0
H49: =+E49*F49 -> 0
E50: Subtotal Materiales | H50: =+SUM(H44:H49) -> 140676.2
B51: Equipos
C52: Descripción | D52: Unidad | E52: Tarifas | F52: Cantidad | G52: Vr. Unitario | H52: Vr. Parcial
B53: 1 | C53: HERRAMIENTA MENOR | D53: % | E53: 0.1 | F53: 0.1 | G53: =+H67 -> 134837.75 | H53: =+G53*F53 -> 13483.775
B54: 2 | C54: ALQUILER VIBRADOR PARA CONCRETO A GASOLINA | D54: =+VLOOKUP(C54,'EQUIPOS 2026'!C5:F35,2,FALSE) -> DIA | E54: =+VLOOKUP(C54,'EQUIPOS 2026'!C5:F35,4,FALSE) -> 194435 | F54: 0.1 | G54: =+E54*F54 -> 19443.5 | H54: =+G54 -> 19443.5
B55: 3 | C55: ALQUILER FORMALETA EN MADERA 3 USOS | D55: =+VLOOKUP(C55,'EQUIPOS 2026'!C6:F36,2,FALSE) -> DIA | E55: =+VLOOKUP(C55,'EQUIPOS 2026'!C6:F36,4,FALSE) -> 63060 | F55: 0.2 | G55: =+E55*F55 -> 12612 | H55: =+G55 -> 12612
H56: =+G56 -> 0
H57: =+SUM(H53:H56) -> 45539.275
B58: Transporte
C59: Descripción | D59: Unidad | E59: Vol o Peso | F59: Distancia | G59: Tarifa | H59: Vr. Parcial
B60: 1 | H60: =+E60*F60*G60 -> 0
E62: Subtotal Transporte | H62: =+SUM(H60:H61) -> 0
B63: Mano de Obra
C64: Descripción | D64: Unidad | F64: Vr. Unitario | G64: Rendimiento m/hora | H64: Vr. Parcial
B65: 1 | C65: CUADRILLA 08; 1O+3A | D65: dia | F65: =+VLOOKUP(C65,'CUADRILLAS 2026'!$B$10:$F$317,5,FALSE) -> 539351 | G65: 0.25 | H65: =+F65*G65 -> 134837.75
H66: =+F66*G66 -> 0
E67: Subtotal Mano de obra | H67: =+SUM(H64:H66) -> 134837.75
E68: Costo Directo | H68: =+H50+H57++H62+H67 -> 321053.23
B69: =+B34 -> Elaboró: Jose Luis Galdino P.U. D.I. SPDT - Arquitecto Revisó: Luiza Sthefanya Vera Balarezo P.U. Dirección de Infraestructura - Ingeniera Civil
B72: Rehabilitación y mantenimiento del puente peatonal en estructura mixta de madera y sistema de suspensión en la comunidad de La Chorrera, Departamento de Amazonas
B73: CAPITULO | E73: =PRESUPUESTO!$C$19 -> 3. ESTRUCTURA
B74: ITEM | C74: 3.1 | E74: =+VLOOKUP(C74,PRESUPUESTO!$C$1:$H$221,2,FALSE) -> Suministro e instalacion de vigas trasversales principales en madera matamata, quinilla o similar de 0,20m x0,20 m. Incluye inmunizantes, cortes y elementos de fijacion (pernos, varilla roscada, arandelas y tuercas). | I74: =+H104 -> 233051.47
B75: A.P.U | G75: Unidad
G76: =+VLOOKUP(C74,PRESUPUESTO!$C$1:$H$221,3,FALSE) -> ml
B77: Materiales
C78: Descripción | D78: Unidad | E78: Cantidad | F78: Vr. Unitario | H78: Vr. Parcial
B79: 1 | C79: ARANDELA PLANA ZINCADA 1/2" | D79: =VLOOKUP(C79,'INSUMOS 2026'!C5:D275,2,FALSE) -> UND | E79: 2 | F79: =+VLOOKUP(C79,'INSUMOS 2026'!$C$1:$F$394,4,FALSE) -> 525.5 | H79: =+E79*F79 -> 1051
B80: 2 | C80: VIGA EN MADERA QUINILLA, MATAMATA O SIMILAR DE 0,20 M X 0,20 M | D80: =VLOOKUP(C80,'INSUMOS 2026'!C5:D275,2,FALSE) -> ML | E80: 1 | F80: =+VLOOKUP(C80,'INSUMOS 2026'!$C$1:$F$394,4,FALSE) -> 57500 | H80: =+E80*F80 -> 57500
B81: 3 | C81: INMUNIZANTE X LITRO LORSBAN O SIMILAR | D81: =VLOOKUP(C81,'INSUMOS 2026'!C5:D275,2,FALSE) -> GLN | E81: 0.05 | F81: =+VLOOKUP(C81,'INSUMOS 2026'!$C$1:$F$394,4,FALSE) -> 57805 | H81: =+E81*F81 -> 2890.25
B82: 4 | C82: VARILLA ROSCADA D= 1/2" X 1M | D82: =VLOOKUP(C82,'INSUMOS 2026'!C5:D275,2,FALSE) -> ML | E82: 0.25 | F82: =+VLOOKUP(C82,'INSUMOS 2026'!$C$1:$F$394,4,FALSE) -> 12612 | H82: =+E82*F82 -> 3153
B83: 5 | C83: TUERCA 1/2" ZINCADA | D83: =VLOOKUP(C83,'INSUMOS 2026'!C5:D275,2,FALSE) -> UND | E83: 2 | F83: =+VLOOKUP(C83,'INSUMOS 2026'!$C$1:$F$394,4,FALSE) -> 3888.7 | H83: =+E83*F83 -> 7777.4
B84: 6 | C84: DESPERDICIO | D84: % | E84: 0.05 | F84: =+SUM(H79:H83) -> 72371.65 | H84: =+E84*F84 -> 3618.5825
H85: =+E85*F85 -> 0
H86: =+E86*F86 -> 0
E87: Subtotal Materiales | H87: =+SUM(H79:H86) -> 75990.232
B88: Equipos
C89: Descripción | D89: Unidad | E89: Tarifas | F89: Cantidad | G89: Vr. Unitario | H89: Vr. Parcial
B90: 1 | C90: HERRAMIENTA MENOR | D90: % | E90: 0.1 | F90: 0.1 | G90: =+H103 -> 43033.485 | H90: =+G90*F90 -> 4303.3485
H91: =+G91 -> 0
H92: =+SUM(H90:H91) -> 4303.3485
B93: Transporte
C94: Descripción | D94: Unidad | E94: Vol o Peso | F94: Distancia | G94: Tarifa | H94: Vr. Parcial
B95: 1 | C95: LA CHORRERA - FLUVIAL | D95: kg | E95: 36 | F95: 1 | G95: =+VLOOKUP(C95,'TRANSPORTE 2026'!$C$13:$G$213,5,FALSE) -> 2417.3 | H95: =+E95*F95*G95 -> 87022.8
B96: 2 | C96: ACARREO DESDE LA ORILLA DE RIO HASTA EL SITIO DE OBRA CORREGIMIENTOS | D96: kg | E96: =+E95 -> 36 | F96: 1 | G96: =+VLOOKUP(C96,'TRANSPORTE 2026'!$C$13:$G$213,5,FALSE) -> 315.3 | H96: =+E96*F96*G96 -> 11350.8
B97: 3 | C97: CARGUE Y DESCARGUE DE LA EMBARCACION | D97: kg | E97: =+E96 -> 36 | F97: 2 | G97: =+VLOOKUP(C97,'TRANSPORTE 2026'!$C$13:$G$213,5,FALSE) -> 157.65 | H97: =+E97*F97*G97 -> 11350.8
E98: Subtotal Transporte | H98: =+SUM(H95:H97) -> 109724.4
B99: Mano de Obra
C100: Descripción | D100: Unidad | F100: Vr. Unitario | G100: Rendimiento m/hora | H100: Vr. Parcial
B101: 1 | C101: CUADRILLA 15; 1O+5A | D101: dia | F101: =+VLOOKUP(C101,'CUADRILLAS 2026'!$B$10:$F$317,5,FALSE) -> 782427 | G101: 0.055 | H101: =+F101*G101 -> 43033.485 | I101: =+H101/1.83 -> 23515.566
H102: =+F102*G102 -> 0 | J102: =20000*1.83 -> 36600
E103: Subtotal Mano de obra | H103: =+SUM(H100:H102) -> 43033.485
E104: Costo Directo | H104: =+H87+H92++H98+H103 -> 233051.47
B105: =+B69 -> Elaboró: Jose Luis Galdino P.U. D.I. SPDT - Arquitecto Revisó: Luiza Sthefanya Vera Balarezo P.U. Dirección de Infraestructura - Ingeniera Civil
B108: Rehabilitación y mantenimiento del puente peatonal en estructura mixta de madera y sistema de suspensión en la comunidad de La Chorrera, Departamento de Amazonas
B109: CAPITULO | E109: =PRESUPUESTO!$C$19 -> 3. ESTRUCTURA
...

Sheet PRESUPUESTO CON AIU
C3: GOBERNACIÓN DEL AMAZONAS
C4: SECRETARIA DE PLANEACIÓN Y DESARROLLO TERRITORIAL
C5: DIRECCION DE INFRAESTRUCTURA
C6: Rehabilitación y mantenimiento del puente peatonal en estructura mixta de madera y sistema de suspensión en la comunidad de La Chorrera, Departamento de Amazonas
C9: ÍTEM | D9: DESCRIPCIÓN | E9: UND. | F9: CANTIDAD | G9: VALOR UNITARIO | H9: VALOR TOTAL
C11: Puente en comunidad de La Chorrera
C12: 1. PRELIMINARES
C13: 1.1 | D13: Localización y replanteo (Incluye equipos de topografia) | E13: m2 | F13: =+VLOOKUP(D13,'CANTIDADES Puente'!$D$10:$J$1195,7,FALSE) -> 174 | G13: =+H13/F13 -> 18931.713 | H13: 3294118
C14: SUBTOTAL | H14: =+SUM(H13:H13) -> 3294118
C15: 2. CIMENTACIÓN
C16: 2.1 | D16: Placa de proteccion cimentacion en concreto 3000 PSI E=0.05 M | E16: m2 | F16: =+VLOOKUP(D16,'CANTIDADES Puente'!$D$10:$J$1195,7,FALSE) -> 6 | G16: =+H16/F16 -> 438725.12 | H16: 2632350.7
C17: SUBTOTAL | H17: =+SUM(H16:H16) -> 2632350.7
C19: 3. ESTRUCTURA
C20: 3.1 | D20: Suministro e instalacion de vigas trasversales principales en madera matamata, quinilla o similar de 0,20m x0,20 m. Incluye inmunizantes, cortes y elementos de fijacion (pernos, varilla roscada, arandelas y tuercas). | E20: ml | F20: =+VLOOKUP(D20,'CANTIDADES Puente'!$D$10:$J$1195,7,FALSE) -> 48 | G20: =+H20/F20 -> 318469.1 | H20: 15286517
C21: 3.2 | D21: Suministro e instalacion de vigas longitudinales principales en madera matamata, quinilla o similar de 0,15m x0,20 m. Incluye inmunizantes, cortes y elementos de fijacion (pernos, varilla roscada, arandelas y tuercas). | E21: ml | F21: =+VLOOKUP(D21,'CANTIDADES Puente'!$D$10:$J$1195,7,FALSE) -> 174 | G21: =+H21/F21 -> 242716.3 | H21: 42232635
C22: 3.3 | D22: Suministro e instalación de tablones para piso en madera quinilla, matamata o similar de 2"x12" (incluye inmunizante, cortes, elementos de fijación (puntillas). | E22: ml | F22: =+VLOOKUP(D22,'CANTIDADES Puente'!$D$10:$J$1195,7,FALSE) -> 447.17848 | G22: =+H22/F22 -> 130465.58 | H22: 58341400
C23: SUBTOTAL | H23: =+SUM(H20:H22) -> 1.1586055e+08
C24: 4. BARANDA
C25: 4.1 | D25: Suministro e instalación de baranda liviana de protección peatonal en malla expandida HR IMT-40, con estructura metálica, anticorrocibo, pintura gris, pasamanos superior y perfil inferior de confinamiento, para puente en madera. | E25: ml | F25: =+VLOOKUP(D25,'CANTIDADES Puente'!$D$10:$J$1195,7,FALSE) -> 116 | G25: =+H25/F25 -> 481318.6 | H25: 55832957
C26: SUBTOTAL | H26: =+SUM(H25:H25) -> 55832957
C27: 5. ESTRUCTURA EN ACERO
C28: 5.1 | D28: Limpieza mecanica de catenaria, retirando barro, óxido superficial, pintura deteriorada, material vegetal y demas agentes | E28: ml | F28: =+VLOOKUP(D28,'CANTIDADES Puente'!$D$10:$J$1195,7,FALSE) -> 190 | G28: =+H28/F28 -> 21761.872 | H28: 4134755.8
C29: 5.2 | D29: Aplicación de protección anticorrosiva compatible con cable de acero para catenaria | E29: ml | F29: =+VLOOKUP(D29,'CANTIDADES Puente'!$D$10:$J$1195,7,FALSE) -> 190 | G29: =+H29/F29 -> 33371.778 | H29: 6340637.8
C30: 5.3 | D30: Limpieza mecanica de pendolones, retirando barro, óxido superficial, pintura deteriorada, material vegetal y demas agentes | E30: ml | F30: =+VLOOKUP(D30,'CANTIDADES Puente'!$D$10:$J$1195,7,FALSE) -> 61.2 | G30: =+H30/F30 -> 17308.355 | H30: 1059271.3
C31: 5.4 | D31: Aplicación de protección anticorrosiva y pintura compatible con acero para pendolones | E31: ml | F31: =+VLOOKUP(D31,'CANTIDADES Puente'!$D$10:$J$1195,7,FALSE) -> 61.2 | G31: =+H31/F31 -> 28918.26 | H31: 1769797.5
C32: SUBTOTAL | H32: =+SUM(H28:H31) -> 13304462
C34: 6. ESTRUCTURA EN CONCRETO
C35: 6.1 | D35: Limpieza mecanica de porticos, retirando barro, pintura deteriorada, material vegetal y demas agentes | E35: m2 | F35: =+VLOOKUP(D35,'CANTIDADES Puente'!$D$10:$J$1195,7,FALSE) -> 55.2 | G35: =+H35/F35 -> 16842.372 | H35: 929698.95
C36: 6.2 | D36: Aplicación de pintura exterior a dos manos, color según diseño. | E36: m2 | F36: =+VLOOKUP(D36,'CANTIDADES Puente'!$D$10:$J$1195,7,FALSE) -> 63.6 | G36: =+H36/F36 -> 45006.144 | H36: 2862390.8
C37: SUBTOTAL | H37: =+SUM(H35:H36) -> 3792089.7
C38: TOTAL COSTOS DIRECTOS + INDIRECTOS | H38: =+H14+H17+H23+H26+H32+H37 -> 1.9471653e+08
C40: PAGA | H40: =+PAGA!$J$43 -> 10500000
C42: VALOR DEL PROYECTO | H42: =+H40+H38 -> 2.0521653e+08
C44: ROBIN CARDENAS PAREDES Director de Infraestructura Elaboró: Jose Galdino P.U. D.I. - Arquitecto Revisó: Luiza Sthefanya Vera Balarezo P.U D.I. - Ingeniera Civil

Sheet PRESUPUESTO
C3: GOBERNACIÓN DEL AMAZONAS
C4: SECRETARIA DE PLANEACIÓN Y DESARROLLO TERRITORIAL
C5: DIRECCION DE INFRAESTRUCTURA
C6: Rehabilitación y mantenimiento del puente peatonal en estructura mixta de madera y sistema de suspensión en la comunidad de La Chorrera, Departamento de Amazonas
C9: ÍTEM | D9: DESCRIPCIÓN | E9: UND. | F9: CANTIDAD | G9: VALOR UNITARIO | H9: VALOR TOTAL
C11: Puente en comunidad de La Chorrera
C12: 1. PRELIMINARES
C13: 1.1 | D13: Localización y replanteo (Incluye equipos de topografia) | E13: m2 | F13: =+VLOOKUP(D13,'CANTIDADES Puente'!$D$10:$J$1195,7,FALSE) -> 174 | G13: =+VLOOKUP(C13,'APU''s CHORRERA'!$C$2:$I$2212,7,FALSE) -> 13853.977 | H13: =+F13*G13 -> 2410592 | K13: =+H13 -> 2410592 | M13: =+(H13*($G$42+$G$43+$G$44))+H13 -> 3294118
C14: SUBTOTAL | H14: =+SUM(H13:H13) -> 2410592 | K14: =+H14 -> 2410592
C15: 2. CIMENTACIÓN | K15: =+H15 -> 0
C16: 2.1 | D16: Placa de proteccion cimentacion en concreto 3000 PSI E=0.05 M | E16: m2 | F16: =+VLOOKUP(D16,'CANTIDADES Puente'!$D$10:$J$1195,7,FALSE) -> 6 | G16: =+VLOOKUP(C16,'APU''s CHORRERA'!$C$2:$I$2212,7,FALSE) -> 321053.23 | H16: =+G16*F16 -> 1926319.4 | K16: =+H16 -> 1926319.4 | M16: =+(H16*($G$42+$G$43+$G$44))+H16 -> 2632350.7
C17: SUBTOTAL | H17: =+SUM(H16:H16) -> 1926319.4 | K17: =+H17 -> 1926319.4
K18: =+H18 -> 0
C19: 3. ESTRUCTURA | K19: =+H19 -> 0
C20: 3.1 | D20: Suministro e instalacion de vigas trasversales principales en madera matamata, quinilla o similar de 0,20m x0,20 m. Incluye inmunizantes, cortes y elementos de fijacion (pernos, varilla roscada, arandelas y tuercas). | E20: ml | F20: =+VLOOKUP(D20,'CANTIDADES Puente'!$D$10:$J$1195,7,FALSE) -> 48 | G20: =+VLOOKUP(C20,'APU''s CHORRERA'!$C$2:$I$2212,7,FALSE) -> 233051.47 | H20: =+F20*G20 -> 11186470 | K20: =+H20 -> 11186470 | M20: =+(H20*($G$42+$G$43+$G$44))+H20 -> 15286517
C21: 3.2 | D21: Suministro e instalacion de vigas longitudinales principales en madera matamata, quinilla o similar de 0,15m x0,20 m. Incluye inmunizantes, cortes y elementos de fijacion (pernos, varilla roscada, arandelas y tuercas). | E21: ml | F21: =+VLOOKUP(D21,'CANTIDADES Puente'!$D$10:$J$1195,7,FALSE) -> 174 | G21: =+VLOOKUP(C21,'APU''s CHORRERA'!$C$2:$I$2212,7,FALSE) -> 177616.57 | H21: =+F21*G21 -> 30905283 | K21: =+H21 -> 30905283 | M21: =+(H21*($G$42+$G$43+$G$44))+H21 -> 42232635
C22: 3.3 | D22: Suministro e instalación de tablones para piso en madera quinilla, matamata o similar de 2"x12" (incluye inmunizante, cortes, elementos de fijación (puntillas). | E22: ml | F22: =+VLOOKUP(D22,'CANTIDADES Puente'!$D$10:$J$1195,7,FALSE) -> 447.17848 | G22: =+VLOOKUP(C22,'APU''s CHORRERA'!$C$2:$I$2212,7,FALSE) -> 95472.985 | H22: =+F22*G22 -> 42693464 | K22: =+H22 -> 42693464 | M22: =+(H22*($G$42+$G$43+$G$44))+H22 -> 58341400
C23: SUBTOTAL | H23: =+SUM(H20:H22) -> 84785218 | K23: =+H23 -> 84785218
C24: 4. BARANDA | K24: =+H24 -> 0
C25: 4.1 | D25: Suministro e instalación de baranda liviana de protección peatonal en malla expandida HR IMT-40, con estructura metálica, anticorrocibo, pintura gris, pasamanos superior y perfil inferior de confinamiento, para puente en madera. | E25: ml | F25: =+VLOOKUP(D25,'CANTIDADES Puente'!$D$10:$J$1195,7,FALSE) -> 116 | G25: =+VLOOKUP(C25,'APU''s CHORRERA'!$C$2:$I$2212,7,FALSE) -> 352222.58 | H25: =+F25*G25 -> 40857819 | K25: =+H25 -> 40857819 | M25: =+(H25*($G$42+$G$43+$G$44))+H25 -> 55832957
C26: SUBTOTAL | H26: =+SUM(H25:H25) -> 40857819 | K26: =+H26 -> 40857819
C27: 5. ESTRUCTURA EN ACERO | K27: =+H27 -> 0
C28: 5.1 | D28: Limpieza mecanica de catenaria, retirando barro, óxido superficial, pintura deteriorada, material vegetal y demas agentes | E28: ml | F28: =+VLOOKUP(D28,'CANTIDADES Puente'!$D$10:$J$1195,7,FALSE) -> 190 | G28: =+VLOOKUP(C28,'APU''s CHORRERA'!$C$2:$I$2212,7,FALSE) -> 15925.05 | H28: =+G28*F28 -> 3025759.5 | K28: =+H28 -> 3025759.5 | M28: =+(H28*($G$42+$G$43+$G$44))+H28 -> 4134755.8
C29: 5.2 | D29: Aplicación de protección anticorrosiva compatible con cable de acero para catenaria | E29: ml | F29: =+VLOOKUP(D29,'CANTIDADES Puente'!$D$10:$J$1195,7,FALSE) -> 190 | G29: =+VLOOKUP(C29,'APU''s CHORRERA'!$C$2:$I$2212,7,FALSE) -> 24421.025 | H29: =+G29*F29 -> 4639994.8 | K29: =+H29 -> 4639994.8
C30: 5.3 | D30: Limpieza mecanica de pendolones, retirando barro, óxido superficial, pintura deteriorada, material vegetal y demas agentes | E30: ml | F30: =+VLOOKUP(D30,'CANTIDADES Puente'!$D$10:$J$1195,7,FALSE) -> 61.2 | G30: =+VLOOKUP(C30,'APU''s CHORRERA'!$C$2:$I$2212,7,FALSE) -> 12666.025 | H30: =+G30*F30 -> 775160.73 | K30: =+H30 -> 775160.73
C31: 5.4 | D31: Aplicación de protección anticorrosiva y pintura compatible con acero para pendolones | E31: ml | F31: =+VLOOKUP(D31,'CANTIDADES Puente'!$D$10:$J$1195,7,FALSE) -> 61.2 | G31: =+VLOOKUP(C31,'APU''s CHORRERA'!$C$2:$I$2212,7,FALSE) -> 21162 | H31: =+G31*F31 -> 1295114.4 | K31: =+H31 -> 1295114.4
C32: SUBTOTAL | H32: =+SUM(H28:H31) -> 9736029.4 | K32: =+H32 -> 9736029.4
K33: =+H33 -> 0
C34: 6. ESTRUCTURA EN CONCRETO | K34: =+H34 -> 0
C35: 6.1 | D35: Limpieza mecanica de porticos, retirando barro, pintura deteriorada, material vegetal y demas agentes | E35: m2 | F35: =+VLOOKUP(D35,'CANTIDADES Puente'!$D$10:$J$1195,7,FALSE) -> 55.2 | G35: =+VLOOKUP(C35,'APU''s CHORRERA'!$C$2:$I$2212,7,FALSE) -> 12325.025 | H35: =+G35*F35 -> 680341.38 | K35: =+H35 -> 680341.38 | M35: =+(H35*($G$42+$G$43+$G$44))+H35 -> 929698.95
C36: 6.2 | D36: Aplicación de pintura exterior a dos manos, color según diseño. | E36: m2 | F36: =+VLOOKUP(D36,'CANTIDADES Puente'!$D$10:$J$1195,7,FALSE) -> 63.6 | G36: =+VLOOKUP(C36,'APU''s CHORRERA'!$C$2:$I$2212,7,FALSE) -> 32934.9 | H36: =+G36*F36 -> 2094659.6 | K36: =+H36 -> 2094659.6
C37: SUBTOTAL | H37: =+SUM(H35:H36) -> 2775001 | K37: =+H37 -> 2775001
C38: TOTAL COSTO DIRECTO OBRAS | H38: =+H14+H23+H26+H32+H17+H37 -> 1.4249098e+08 | K38: =+H38 -> 1.4249098e+08 | L38: =+SUM(K13:K38)/3 -> 1.4249098e+08
K39: =+H39 -> 0
C42: ADMINISTRACION (%) | G42: ='ADMINISTRACION '!$H$36 -> 0.29651831 | H42: =H38*G42 -> 42251184 | K42: =+SUM(K12:K39)/3 -> 1.4249098e+08
C43: IMPREVISTOS (%) | G43: ='ADMINISTRACION '!$H$37 -> 0.01 | H43: =H38*G43 -> 1424909.8
C44: UTILIDAD (%) | G44: ='ADMINISTRACION '!$H$38 -> 0.06 | H44: =H38*G44 -> 8549458.7
C46: TOTAL COSTOS DIRECTOS + INDIRECTOS | H46: =H42+H43+H44+H38 -> 1.9471653e+08 | M46: =SUM(M13:M45) -> 1.8268443e+08
C48: PAGA | H48: =+PAGA!$J$43 -> 10500000
C50: VALOR DEL PROYECTO | H50: =+H48+H46 -> 2.0521653e+08 | K50: 3.735787e+08
C52: ROBIN CARDENAS PAREDES Director de Infraestructura Elaboró: Jose Galdino P.U. D.I. - Arquitecto Revisó: Luiza Sthefanya Vera Balarezo P.U D.I. - Ingeniera Civil

Sheet RECARGO PRESTACIONAL
C4: GOBERNACION DEL AMAZONAS
C5: SECRETARIA DE PLANEACION Y DESARROLLO TERRITORIAL
C6: FORMULACION DE PROYECTOS
B10: RECARGO PRESTACIONAL AÑO VIGENTE | S10: 2026
B12: VALOR REAL DEL SALARIO
B13: SALARIO | E13: 1.0 SMMLV | G13: 1.5 SMMLV | I13: 2.0 SMMLV | K13: 2.5 SMMLV | M13: 3.0 SMMLV | O13: 3.5 SMMLV | Q13: 4.0SMMLV | S13: 4.5 SMMLV
E14: Valor | F14: Ref. | G14: Valor | H14: Ref. | I14: Valor | J14: Ref. | K14: Valor | L14: Ref. | M14: Valor | N14: Ref. | O14: Valor | P14: Ref. | Q14: Valor | R14: Ref. | S14: Valor | T14: Ref.
B15: Mensual | E15: 1750905 | F15: A | G15: =ROUND(E15*1.5,0) -> 2626358 | H15: A | I15: =ROUND(E15*2,0) -> 3501810 | J15: A | K15: =ROUND(E15*2.5,0) -> 4377263 | L15: A | M15: =ROUND(E15*3,0) -> 5252715 | N15: A | O15: =ROUND(E15*3.5,0) -> 6128168 | P15: A | Q15: =ROUND(E15*4,0) -> 7003620 | R15: A | S15: =ROUND(E15*4.5,0) -> 7879073 | T15: A
B16: Auxilio de transporte | E16: 249095 | F16: B | G16: =E16 -> 249095 | H16: B | I16: =E16 -> 249095 | J16: B | K16: =E16*80% -> 199276 | L16: B | M16: =E16*60% -> 149457 | N16: B | O16: =E16*40% -> 99638 | P16: B | Q16: =E16*20% -> 49819 | R16: B | S16: 0 | T16: B
B17: Total mensual | E17: =+E15+E16 -> 2000000 | F17: C | G17: =+G15+G16 -> 2875453 | H17: C | I17: =+I15+I16 -> 3750905 | J17: C | K17: =+K15+K16 -> 4576539 | L17: C | M17: =+M15+M16 -> 5402172 | N17: C | O17: =+O15+O16 -> 6227806 | P17: C | Q17: =+Q15+Q16 -> 7053439 | R17: C | S17: =+S15+S16 -> 7879073 | T17: C
B18: Anual (A/30x365) | E18: =ROUND(E15/30*365,0) -> 21302678 | F18: D | G18: =ROUND(G15/30*365,0) -> 31954022 | H18: D | I18: =ROUND(I15/30*365,0) -> 42605355 | J18: D | K18: =ROUND(K15/30*365,0) -> 53256700 | L18: D | M18: =ROUND(M15/30*365,0) -> 63908033 | N18: D | O18: =ROUND(O15/30*365,0) -> 74559377 | P18: D | Q18: =ROUND(Q15/30*365,0) -> 85210710 | R18: D | S18: =ROUND(S15/30*365,0) -> 95862055 | T18: D
B19: Anual con susbsidio de transporte | E19: =ROUND(E18+E20,0) -> 24183877 | F19: E | G19: =ROUND(G18+G20,0) -> 34835221 | H19: E | I19: =ROUND(I18+I20,0) -> 45486554 | J19: E | K19: =ROUND(K18+K20,0) -> 55561659 | L19: E | M19: =ROUND(M18+M20,0) -> 65636752 | N19: E | O19: =ROUND(O18+O20,0) -> 75711857 | P19: E | Q19: =ROUND(Q18+Q20,0) -> 85786950 | R19: E | S19: =ROUND(S18+S20,0) -> 95862055 | T19: E
B20: Subsidio de transporte anual (Incluido en E). B/30*(365-18)(1) | E20: =ROUND(E16/30*(365-18),0) -> 2881199 | F20: F | G20: =ROUND(G16/30*(365-18),0) -> 2881199 | H20: F | I20: =ROUND(I16/30*(365-18),0) -> 2881199 | J20: F | K20: =ROUND(K16/30*(365-18),0) -> 2304959 | M20: =ROUND(M16/30*(365-18),0) -> 1728719 | O20: =ROUND(O16/30*(365-18),0) -> 1152480 | Q20: =ROUND(Q16/30*(365-18),0) -> 576240 | S20: =ROUND(S16/30*(365-18),0) -> 0
B21: CONCEPTO | C21: FACTOR | D21: FÓRMULA | E21: Valor | F21: Ref. | G21: Valor | H21: Ref. | I21: Valor | J21: Ref. | K21: Valor | L21: Ref. | M21: Valor | N21: Ref. | O21: Valor | P21: Ref. | Q21: Valor | R21: Ref. | S21: Valor | T21: Ref.
B22: SALARIO
B23: SALARIO ANUAL (365 DÍAS) | E23: =+E18 -> 21302678 | F23: 1 | G23: =+G18 -> 31954022 | H23: 1 | I23: =+I18 -> 42605355 | J23: 1 | K23: =+K18 -> 53256700 | L23: 1 | M23: =+M18 -> 63908033 | N23: 1 | O23: =+O18 -> 74559377 | P23: 1 | Q23: =+Q18 -> 85210710 | R23: 1 | S23: =+S18 -> 95862055 | T23: 1
B24: SUBSIDIO DE TRANSPORTE ANUAL | E24: =+E20 -> 2881199 | F24: =+E24/$E$23 -> 0.13525055 | G24: =+G20 -> 2881199 | H24: =+G24/$G$23 -> 0.090167022 | I24: =+I20 -> 2881199 | J24: =+I24/$I$23 -> 0.067625279 | K24: =+K20 -> 2304959 | L24: =+K24/$K$23 -> 0.043280169 | M24: =M20 -> 1728719 | N24: =+M24/$M$23 -> 0.027050105 | O24: =O20 -> 1152480 | P24: =+O24/$O$23 -> 0.015457211 | Q24: =Q20 -> 576240 | R24: =+Q24/$Q$23 -> 0.0067625302 | T24: =+S24/$M$23 -> 0
B25: PRESTACIONES
B26: CESANTIA ANUAL | C26: 36/365 | D26: G= E/365*36 | E26: =ROUND((E19/365)*36,0) -> 2385259 | F26: =E26/$E$18 -> 0.11196991 | G26: =ROUND((G19/365)*36,0) -> 3435803 | H26: =G26/$G$18 -> 0.10752333 | I26: =ROUND((I19/365)*36,0) -> 4486345 | J26: =I26/$I$18 -> 0.10530003 | K26: =ROUND((K19/365)*36,0) -> 5480054 | L26: =K26/$K$18 -> 0.10289887 | M26: =ROUND((M19/365)*36,0) -> 6473762 | N26: =M26/$M$18 -> 0.1012981 | O26: =ROUND((O19/365)*36,0) -> 7467471 | P26: =O26/$O$18 -> 0.10015469 | Q26: =ROUND((Q19/365)*36,0) -> 8461179 | R26: =Q26/$Q$18 -> 0.099297131 | S26: =ROUND((S19/365)*36,0) -> 9454888 | T26: =S26/$S$18 -> 0.098630141
B27: INTERESES CESANTIA | C27: 0.12 | D27: H= G*% | E27: =ROUND(E26*C27,0) -> 286231 | F27: =E27/$E$18 -> 0.013436386 | G27: =ROUND(G26*C27,0) -> 412296 | H27: =G27/$G$18 -> 0.012902789 | I27: =ROUND(I26*C27,0) -> 538361 | J27: =I27/$I$18 -> 0.012635994 | K27: =ROUND(K26*C27,0) -> 657606 | L27: =K27/$K$18 -> 0.012347855 | M27: =ROUND(M26*C27,0) -> 776851 | N27: =M27/$M$18 -> 0.012155765 | O27: =ROUND(O26*C27,0) -> 896097 | P27: =O27/$O$18 -> 0.012018569 | Q27: =ROUND(Q26*C27,0) -> 1015341 | R27: =Q27/$Q$18 -> 0.01191565 | S27: =ROUND(S26*C27,0) -> 1134587 | T27: =S27/$S$18 -> 0.011835622
B28: VACACIONES - 15 DÍAS | C28: 0.5 | D28: I= A*% | E28: =ROUND(E15*C28,0) -> 875453 | F28: =E28/$E$18 -> 0.041095913 | G28: =ROUND(G15*C28,0) -> 1313179 | H28: =G28/$G$18 -> 0.041095891 | I28: =ROUND(I15*C28,0) -> 1750905 | J28: =I28/$I$18 -> 0.04109589 | K28: =ROUND(K15*C28,0) -> 2188632 | L28: =K28/$K$18 -> 0.0410959 | M28: =ROUND(M15*C28,0) -> 2626358 | N28: =M28/$M$18 -> 0.041095898 | O28: =ROUND(O15*C28,0) -> 3064084 | P28: =O28/$O$18 -> 0.041095891 | Q28: =ROUND(Q15*C28,0) -> 3501810 | R28: =Q28/$Q$18 -> 0.04109589 | S28: =ROUND(S15*C28,0) -> 3939537 | T28: =S28/$S$18 -> 0.041095896
B29: PRIMAS - 30 DÍAS | C29: 1 | D29: J = C | E29: =ROUND(E17*C29,0) -> 2000000 | F29: =E29/$E$18 -> 0.09388491 | G29: =ROUND(G17*C29,0) -> 2875453 | H29: =G29/$G$18 -> 0.089987201 | I29: =ROUND(I17*C29,0) -> 3750905 | J29: =I29/$I$18 -> 0.088038346 | K29: =ROUND(K17*C29,0) -> 4576539 | L29: =K29/$K$18 -> 0.085933582 | M29: =ROUND(M17*C29,0) -> 5402172 | N29: =M29/$M$18 -> 0.084530406 | O29: =ROUND(O17*C29,0) -> 6227806 | P29: =O29/$O$18 -> 0.083528139 | Q29: =ROUND(Q17*C29,0) -> 7053439 | R29: =Q29/$Q$18 -> 0.082776437 | S29: =ROUND(S17*C29,0) -> 7879073 | T29: =S29/$S$18 -> 0.082191781
B30: OTROS COSTOS
B31: DOTACION BOTAS Y OVEROL 10% /SMML * (3 VECES POR AÑO) | C31: 3 | D31: K=GBL*3 | E31: 600000 | F31: =E31/$E$18 -> 0.028165473 | G31: 600000 | H31: =G31/$G$18 -> 0.018776979 | I31: 600000 | J31: =I31/$I$18 -> 0.014082737 | K31: 600000 | L31: =K31/$K$18 -> 0.011266188
B32: SEGURO COLECTIVO | C32: 0.005 | D32: L= D*% | E32: =ROUND(E18*C32,0) -> 106513 | F32: =E32/$E$18 -> 0.0049999817 | G32: =ROUND(G18*C32,0) -> 159770 | H32: =G32/$G$18 -> 0.0049999966 | I32: =ROUND(I18*C32,0) -> 213027 | J32: =I32/$I$18 -> 0.0050000053 | K32: =ROUND(K18*C32,0) -> 266284 | L32: =K32/$K$18 -> 0.0050000094 | M32: =ROUND(M18*C32,0) -> 319540 | N32: =M32/$M$18 -> 0.0049999974 | O32: =ROUND(O18*C32,0) -> 372797 | P32: =O32/$O$18 -> 0.0050000015 | Q32: =ROUND(Q18*C32,0) -> 426054 | R32: =Q32/$Q$18 -> 0.0050000053 | S32: =ROUND(S18*C32,0) -> 479310 | T32: =S32/$S$18 -> 0.0049999971
B33: SEGURIDAD SOCIAL
B34: PENSION | C34: 0.085 | D34: M= D*% | E34: =ROUND(E18*C34,0) -> 1810728 | F34: =E34/$E$18 -> 0.085000017 | G34: =ROUND(G18*C34,0) -> 2716092 | H34: =G34/$G$18 -> 0.085000004 | I34: =ROUND(I18*C34,0) -> 3621455 | J34: =I34/$I$18 -> 0.084999996 | K34: =ROUND(K18*C34,0) -> 4526820 | L34: =K34/$K$18 -> 0.085000009 | M34: =ROUND(M18*C34,0) -> 5432183 | N34: =M34/$M$18 -> 0.085000003 | O34: =ROUND(O18*C34,0) -> 6337547 | P34: =O34/$O$18 -> 0.084999999 | Q34: =ROUND(Q18*C34,0) -> 7242910 | R34: =Q34/$Q$18 -> 0.084999996 | S34: =ROUND(S18*C34,0) -> 8148275 | T34: =S34/$S$18 -> 0.085000003
B35: MEDICINA FAMILIAR | C35: 0.125 | D35: N= D*% | E35: =ROUND(E18*C35,0) -> 2662835 | F35: =E35/$E$18 -> 0.12500001 | G35: =ROUND(G18*C35,0) -> 3994253 | H35: =G35/$G$18 -> 0.12500001 | I35: =ROUND(I18*C35,0) -> 5325669 | J35: =I35/$I$18 -> 0.12499999 | K35: =ROUND(K18*C35,0) -> 6657088 | L35: =K35/$K$18 -> 0.12500001 | M35: =ROUND(M18*C35,0) -> 7988504 | N35: =M35/$M$18 -> 0.125 | O35: =ROUND(O18*C35,0) -> 9319922 | P35: =O35/$O$18 -> 0.125 | Q35: =ROUND(Q18*C35,0) -> 10651339 | R35: =Q35/$Q$18 -> 0.125 | S35: =ROUND(S18*C35,0) -> 11982757 | T35: =S35/$S$18 -> 0.125
B36: RIESGOS PROFESIONALES (6,96%)(2) | C36: 0.0696 | D36: O= D*% | E36: =ROUND(E18*C36,0) -> 1482666 | F36: =E36/$E$18 -> 0.069599982 | G36: =ROUND(G18*C36,0) -> 2224000 | H36: =G36/$G$18 -> 0.069600002 | I36: =ROUND(I18*C36,0) -> 2965333 | J36: =I36/$I$18 -> 0.069600007 | K36: =ROUND(K18*C36,0) -> 3706666 | L36: =K36/$K$18 -> 0.069599994 | M36: =ROUND(M18*C36,0) -> 4447999 | N36: =M36/$M$18 -> 0.069599998 | O36: =ROUND(O18*C36,0) -> 5189333 | P36: =O36/$O$18 -> 0.069600005 | Q36: =ROUND(Q18*C36,0) -> 5930665 | R36: =Q36/$Q$18 -> 0.069599995 | S36: =ROUND(S18*C36,0) -> 6671999 | T36: =S36/$S$18 -> 0.0696
B37: APORTES SENA
B38: APORTE ORDINARIO | C38: 0.02 | D38: P= D*2.0% | E38: =ROUND(E18*C38,0) -> 426054 | F38: =E38/$E$18 -> 0.020000021 | G38: =ROUND(G18*C38,0) -> 639080 | H38: =G38/$G$18 -> 0.019999986 | I38: =ROUND(I18*C38,0) -> 852107 | J38: =I38/$I$18 -> 0.019999998 | K38: =ROUND(K18*C38,0) -> 1065134 | L38: =K38/$K$18 -> 0.02 | M38: =ROUND(M18*C38,0) -> 1278161 | N38: =M38/$M$18 -> 0.020000005 | O38: =ROUND(O18*C38,0) -> 1491188 | P38: =O38/$O$18 -> 0.020000006 | Q38: =ROUND(Q18*C38,0) -> 1704214 | R38: =Q38/$Q$18 -> 0.019999998 | S38: =ROUND(S18*C38,0) -> 1917241 | T38: =S38/$S$18 -> 0.019999999
B39: FONDO IND. DE LA CONSTRUCCIÓN (3) | D39: Q= SMMLV*12/40 | E39: =+$E$15*12/40 -> 525271.5 | F39: =E39/$E$18 -> 0.024657534 | G39: =+$G$15*12/40 -> 787907.4 | H39: =G39/$G$18 -> 0.024657535 | I39: =+$I$15*12/40 -> 1050543 | J39: =I39/$I$18 -> 0.024657534 | K39: =+$K$15*12/40 -> 1313178.9 | L39: =K39/$K$18 -> 0.024657534 | M39: =+$M$15*12/40 -> 1575814.5 | N39: =M39/$M$18 -> 0.024657534 | O39: =+$O$15*12/40 -> 1838450.4 | P39: =O39/$O$18 -> 0.024657534 | Q39: =+$Q$15*12/40 -> 2101086 | R39: =Q39/$Q$18 -> 0.024657534 | S39: =+$S$15*12/40 -> 2363721.9 | T39: =S39/$S$18 -> 0.024657534
B40: OTROS APORTES
B41: I.C.B.F. | C41: 0.03 | D41: R= D*3.00% | E41: =ROUND(E18*C41,0) -> 639080 | F41: =E41/$E$18 -> 0.029999984 | G41: =ROUND(G18*C41,0) -> 958621 | H41: =G41/$G$18 -> 0.030000011 | I41: =ROUND(I18*C41,0) -> 1278161 | J41: =I41/$I$18 -> 0.030000008 | K41: =ROUND(K18*C41,0) -> 1597701 | L41: =K41/$K$18 -> 0.03 | M41: =ROUND(M18*C41,0) -> 1917241 | N41: =M41/$M$18 -> 0.03 | O41: =ROUND(O18*C41,0) -> 2236781 | P41: =O41/$O$18 -> 0.029999996 | Q41: =ROUND(Q18*C41,0) -> 2556321 | R41: =Q41/$Q$18 -> 0.029999996 | S41: =ROUND(S18*C41,0) -> 2875862 | T41: =S41/$S$18 -> 0.030000004
B42: CAJA DE COMPENSACION | C42: 0.04 | D42: S= D*4.00% | E42: =ROUND(E18*C42,0) -> 852107 | F42: =E42/$E$18 -> 0.039999994 | G42: =ROUND(G18*C42,0) -> 1278161 | H42: =G42/$G$18 -> 0.040000004 | I42: =ROUND(I18*C42,0) -> 1704214 | J42: =I42/$I$18 -> 0.039999995 | K42: =ROUND(K18*C42,0) -> 2130268 | L42: =K42/$K$18 -> 0.04 | M42: =ROUND(M18*C42,0) -> 2556321 | N42: =M42/$M$18 -> 0.039999995 | O42: =ROUND(O18*C42,0) -> 2982375 | P42: =O42/$O$18 -> 0.039999999 | Q42: =ROUND(Q18*C42,0) -> 3408428 | R42: =Q42/$Q$18 -> 0.039999995 | S42: =ROUND(S18*C42,0) -> 3834482 | T42: =S42/$S$18 -> 0.039999998
B44: TOTAL ANUAL | E44: =SUM(E23:E42) -> 38836074 | F44: =SUM(F23:F42) -> 1.8230607 | G44: =SUM(G23:G42) -> 56229836 | H44: =SUM(H23:H42) -> 1.7597108 | I44: =SUM(I23:I42) -> 73623579 | J44: =SUM(J23:J42) -> 1.7280358 | K44: =SUM(K23:K42) -> 90327630 | L44: =SUM(L23:L42) -> 1.6960801 | ... T44: =SUM(T23:T42) -> 1.633011
B46: % RECARGO PRESTACIONAL | F46: =+F44-100% -> 0.82306067 | H46: =+H44-100% -> 0.75971076 | J46: =+J44-100% -> 0.72803581 | L46: =+L44-100% -> 0.69608012 | N46: =+N44-100% -> 0.6653878 | P46: =+P44-100% -> 0.65151203 | R46: =+R44-100% -> 0.64110516 | T46: =+T44-100% -> 0.63301097
B48: Notas:
B50: (1) se restan 18 días festivos anuales
B51: (2) Porcentaje válido para actividades de construcción. Para otros empleados se debe utilizar 30 días de cesantia y 2.2% (promedio para empresas de bajo riesgo) para riesgos profesionales
B52: (3) Un salario mínimo por cada 40 trabajadores. El valor se obtiene asi: (Salario mínimo x 12 / 40) / Salario anual estudiado.
B54: (4) Porcentaje de Horas Extras aprobado en Mesa de Trabajo para estimación del Factor de AIU (*)
C56: HORAS/MES TRABAJADAS | E56: 240
C57: U.M. | D57: H.EXTR. / MES | E57: F. H.EXTR. | F57: H.EQUIV. | G57: % | M57: Arq. PEDRO ALBERTO PERDOMO R
B58: HORA EXTRA DIURNA | C58: HORA | D58: 8 | E58: 1.25 | F58: =D58*E58 -> 10 | G58: =F58/E56 -> 0.041666667 | M58: Profesional Especialista Apoyo SPDT
B59: HORA EXTRA NOCTURNA | C59: HORA | D59: 4 | E59: 1.75 | F59: =D59*E59 -> 7 | G59: =F59/E56 -> 0.029166667
B60: HORA EXTRA FESTIVA DIURNA | C60: HORA | D60: 8 | E60: 2 | F60: =D60*E60 -> 16 | G60: =F60/E56 -> 0.066666667
G61: =SUM(G58:G60) -> 0.1375

Sheet Cronograma
C1: Rehabilitación y mantenimiento del puente peatonal en estructura mixta de madera y sistema de suspensión en la comunidad de La Chorrera, Departamento de Amazonas | G1: CRONOGRAMA POR DIAS
C2: ÍTEM | D2: DESCRIPCIÓN | E2: UND. | F2: CANTIDAD | G2: 1 | H2: 2 | I2: 3 | J2: 4 | K2: 5 | L2: 6 | M2: 7 | N2: 8 | O2: 9 | P2: 10 | Q2: 11 | R2: 12 | S2: 13 | T2: 14 | U2: 15 | V2: 16 | W2: 17 | X2: 18 | Y2: 19 | Z2: 20 | AA2: 21 | AB2: 22 | AC2: 23 | AD2: 24 | AE2: 25 | AF2: 26 | AG2: 27 | AH2: 28 | AI2: 29 | AJ2: 30 | AK2: 31 | AL2: 32 | AM2: 33 | AN2: 34 | AO2: 35 | AP2: 36 | AQ2: 37 | AR2: 38 | AS2: 39 | AT2: 40 | AU2: 41 | AV2: 42 | AW2: 43 | AX2: 44 | AY2: 45
C3: 1. PRELIMINARES
C4: 1.1 | D4: Localización y replanteo (Incluye equipos de topografia) | E4: m2 | F4: =+VLOOKUP(D4,'CANTIDADES Puente'!$D$10:$J$1195,7,FALSE) -> 174
C5: 2. CIMENTACIÓN
C6: 2.1 | D6: Placa de proteccion cimentacion en concreto 3000 PSI E=0.05 M | E6: m2 | F6: =+VLOOKUP(D6,'CANTIDADES Puente'!$D$10:$J$1195,7,FALSE) -> 6
C8: 3. ESTRUCTURA
C9: 3.1 | D9: Suministro e instalacion de vigas trasversales principales en madera matamata, quinilla o similar de 0,20m x0,20 m. Incluye inmunizantes, cortes y elementos de fijacion (pernos, varilla roscada, arandelas y tuercas). | E9: ml | F9: =+VLOOKUP(D9,'CANTIDADES Puente'!$D$10:$J$1195,7,FALSE) -> 48
C10: 3.2 | D10: Suministro e instalacion de vigas longitudinales principales en madera matamata, quinilla o similar de 0,15m x0,20 m. Incluye inmunizantes, cortes y elementos de fijacion (pernos, varilla roscada, arandelas y tuercas). | E10: ml | F10: =+VLOOKUP(D10,'CANTIDADES Puente'!$D$10:$J$1195,7,FALSE) -> 174
C11: 3.3 | D11: Suministro e instalación de tablones para piso en madera quinilla, matamata o similar de 2"x12" (incluye inmunizante, cortes, elementos de fijación (puntillas). | E11: ml | F11: =+VLOOKUP(D11,'CANTIDADES Puente'!$D$10:$J$1195,7,FALSE) -> 447.17848
C12: 4. BARANDA
C13: 4.1 | D13: =+PRESUPUESTO!D25 -> Suministro e instalación de baranda liviana de protección peatonal en malla expandida HR IMT-40, con estructura metálica, anticorrocibo, pintura gris, pasamanos superior y perfil inferior de confinamiento, para puente en madera. | E13: ml | F13: =+VLOOKUP(D13,'CANTIDADES Puente'!$D$10:$J$1195,7,FALSE) -> 116
C14: 5. ESTRUCTURA EN ACERO
C15: 5.1 | D15: Limpieza mecanica de catenaria, retirando barro, óxido superficial, pintura deteriorada, material vegetal y demas agentes | E15: ml | F15: =+VLOOKUP(D15,'CANTIDADES Puente'!$D$10:$J$1195,7,FALSE) -> 190
C16: 5.2 | D16: Aplicación de protección anticorrosiva compatible con cable de acero para catenaria | E16: ml | F16: =+VLOOKUP(D16,'CANTIDADES Puente'!$D$10:$J$1195,7,FALSE) -> 190
C17: 5.3 | D17: Limpieza mecanica de pendolones, retirando barro, óxido superficial, pintura deteriorada, material vegetal y demas agentes | E17: ml | F17: =+VLOOKUP(D17,'CANTIDADES Puente'!$D$10:$J$1195,7,FALSE) -> 61.2
C18: 5.4 | D18: Aplicación de protección anticorrosiva y pintura compatible con acero para pendolones | E18: ml | F18: =+VLOOKUP(D18,'CANTIDADES Puente'!$D$10:$J$1195,7,FALSE) -> 61.2
C19: 6. ESTRUCTURA EN CONCRETO
C20: 6.1 | D20: Limpieza mecanica de porticos, retirando barro, pintura deteriorada, material vegetal y demas agentes | E20: m2 | F20: =+VLOOKUP(D20,'CANTIDADES Puente'!$D$10:$J$1195,7,FALSE) -> 55.2
C21: 6.2 | D21: Aplicación de pintura exterior a dos manos, color según diseño. | E21: m2 | F21: =+VLOOKUP(D21,'CANTIDADES Puente'!$D$10:$J$1195,7,FALSE) -> 63.6
C22: PAGA

Sheet CANTIDADES Puente
D2: CUADRO CONTROL CANTIDADES DE OBRA
D4: =+'ANALISIS BASICOS'!B5 -> Rehabilitación y mantenimiento del puente peatonal en estructura mixta de madera y sistema de suspensión en la comunidad de La Chorrera, Departamento de Amazonas | M4: GOBERNACIÓN DE AMAZONAS | O4: SECRETARIA DE PLANEACIÓN Y DESARROLLO TERRITORIAL
B8: TABLA DE MEMORIAS | K8: MEMORIAS EN PLANOS
B9: Rehabilitación y mantenimiento del puente peatonal en estructura mixta de madera y sistema de suspensión en la comunidad de La Chorrera, Departamento de Amazonas
B10: ITEM | C10: UN | D10: 1. PRELIMINARES | E10: ALTO | F10: ANCHO | G10: LARGO | H10: CANTIDAD | I10: TOTAL
D11: =+VLOOKUP(B12,PRESUPUESTO!$C$1:$E$1106,2,FALSE) -> Localización y replanteo (Incluye equipos de topografia) | J11: =+I24 -> 174
B12: 1.1 | C12: =+VLOOKUP(B12,PRESUPUESTO!$C$1:$E$1106,3,FALSE) -> m2 | D12: AREA | F12: 3 | G12: 58 | H12: 1 | I12: =+F12*G12*H12 -> 174
B24: TOTAL ACTIVIDAD | I24: =+SUM(I12:I23) -> 174
B26: Proyectó: Jose Luis Galdino - P.U. D.I SPDT - Arquitecto Revisó: Luiza Vera Balarezo - P.U. D.I SPDT - Ingeniera Civil
B29: TABLA DE MEMORIAS | K29: MEMORIAS EN PLANOS
B30: Rehabilitación y mantenimiento del puente peatonal en estructura mixta de madera y sistema de suspensión en la comunidad de La Chorrera, Departamento de Amazonas
B31: ITEM | C31: UN | D31: =+D10 -> 1. PRELIMINARES | E31: ALTO | F31: ANCHO | G31: LARGO | H31: CANTIDAD | I31: TOTAL
D32: =+VLOOKUP(B33,PRESUPUESTO!$C$1:$E$1106,2,FALSE) -> Placa de proteccion cimentacion en concreto 3000 PSI E=0.05 M | J32: =+I45 -> 6
B33: 2.1 | C33: =+VLOOKUP(B33,PRESUPUESTO!$C$1:$E$1106,3,FALSE) -> m2 | D33: AREA | F33: 3 | G33: 2 | H33: 1 | I33: =+F33*G33*H33 -> 6
B45: TOTAL ACTIVIDAD | I45: =+SUM(I33:I44) -> 6
B47: =+B26 -> Proyectó: Jose Luis Galdino - P.U. D.I SPDT - Arquitecto Revisó: Luiza Vera Balarezo - P.U. D.I SPDT - Ingeniera Civil
B50: TABLA DE MEMORIAS | K50: MEMORIAS EN PLANOS
B51: Rehabilitación y mantenimiento del puente peatonal en estructura mixta de madera y sistema de suspensión en la comunidad de La Chorrera, Departamento de Amazonas
B52: ITEM | C52: UN | D52: =+D31 -> 1. PRELIMINARES | E52: ALTO | F52: ANCHO | G52: LARGO | H52: CANTIDAD | I52: TOTAL
D53: =+VLOOKUP(B54,PRESUPUESTO!$C$1:$E$1106,2,FALSE) -> Suministro e instalacion de vigas trasversales principales en madera matamata, quinilla o similar de 0,20m x0,20 m. Incluye inmunizantes, cortes y elementos de fijacion (pernos, varilla roscada, arandelas y tuercas). | J53: =+I75 -> 48
B54: 3.1 | C54: ml | D54: EJE A | G54: 3 | H54: 1 | I54: =+G54*H54 -> 3
D55: EJE B | G55: 3 | H55: 1 | I55: =+G55*H55 -> 3
D56: EJE C | G56: 3 | H56: 1 | I56: =+G56*H56 -> 3
D57: EJE D | G57: 3 | H57: 1 | I57: =+G57*H57 -> 3
D58: EJE E | G58: 3 | H58: 1 | I58: =+G58*H58 -> 3
D59: EJE F | G59: 3 | H59: 1 | I59: =+G59*H59 -> 3
D60: EJE G | G60: 3 | H60: 1 | I60: =+G60*H60 -> 3
D61: EJE H | G61: 3 | H61: 1 | I61: =+G61*H61 -> 3
D62: EJE I | G62: 3 | H62: 1 | I62: =+G62*H62 -> 3
D63: EJE J | G63: 3 | H63: 1 | I63: =+G63*H63 -> 3
D64: EJE K | G64: 3 | H64: 1 | I64: =+G64*H64 -> 3
D65: EJE L | G65: 3 | H65: 1 | I65: =+G65*H65 -> 3
D66: EJE M | G66: 3 | H66: 1 | I66: =+G66*H66 -> 3
... D69: EJE P | G69: 3 | H69: 1 | I69: =+G69*H69 -> 3
B75: TOTAL ACTIVIDAD | I75: =+SUM(I54:I74) -> 48
B77: =+B47 -> Proyectó: Jose Luis Galdino - P.U. D.I SPDT - Arquitecto Revisó: Luiza Vera Balarezo - P.U. D.I SPDT - Ingeniera Civil
B80: TABLA DE MEMORIAS | K80: MEMORIAS EN PLANOS
B81: Rehabilitación y mantenimiento del puente peatonal en estructura mixta de madera y sistema de suspensión en la comunidad de La Chorrera, Departamento de Amazonas
B82: ITEM | C82: UN | D82: 2. ESTRUCTURA | E82: ALTO | F82: ANCHO | G82: LARGO | H82: CANTIDAD | I82: TOTAL
D83: =+VLOOKUP(B84,PRESUPUESTO!$C$1:$E$1106,2,FALSE) -> Suministro e instalacion de vigas longitudinales principales en madera matamata, quinilla o similar de 0,15m x0,20 m. Incluye inmunizantes, cortes y elementos de fijacion (pernos, varilla roscada, arandelas y tuercas). | J83: =+I96 -> 174
B84: 3.2 | C84: =+VLOOKUP(B84,PRESUPUESTO!$C$1:$E$1106,3,FALSE) -> ml | D84: EJE 1 | G84: 58 | H84: 1 | I84: =+G84*H84 -> 58
D85: EJE 2 | G85: 58 | H85: 1 | I85: =+G85*H85 -> 58
D86: EJE 3 | G86: 58 | H86: 1 | I86: =+G86*H86 -> 58
B96: TOTAL ACTIVIDAD | I96: =+SUM(I84:I95) -> 174
B98: =+B77 -> Proyectó: Jose Luis Galdino - P.U. D.I SPDT - Arquitecto Revisó: Luiza Vera Balarezo - P.U. D.I SPDT - Ingeniera Civil
B101: TABLA DE MEMORIAS | K101: MEMORIAS EN PLANOS
B102: Rehabilitación y mantenimiento del puente peatonal en estructura mixta de madera y sistema de suspensión en la comunidad de La Chorrera, Departamento de Amazonas
B103: ITEM | C103: UN | D103: 2. ESTRUCTURA | E103: ALTO | F103: ANCHO | G103: LARGO | H103: CANTIDAD | I103: TOTAL
D104: =+VLOOKUP(B105,PRESUPUESTO!$C$1:$E$1106,2,FALSE) -> Suministro e instalación de tablones para piso en madera quinilla, matamata o similar de 2"x12" (incluye inmunizante, cortes, elementos de fijación (puntillas). | J104: =+I129 -> 447.17848
B105: 3.3 | C105: =+VLOOKUP(B105,PRESUPUESTO!$C$1:$E$1106,3,FALSE) -> ml | D105: TABLONES PAR APASO PEATONAL | G105: 2.35 | H105: =58/0.3048 -> 190.28871 | I105: =+G105*H105 -> 447.17848
B129: TOTAL ACTIVIDAD | I129: =+SUM(I105:I128) -> 447.17848
B131: =+B98 -> Proyectó: Jose Luis Galdino - P.U. D.I SPDT - Arquitecto Revisó: Luiza Vera Balarezo - P.U. D.I SPDT - Ingeniera Civil
B134: TABLA DE MEMORIAS | K134: MEMORIAS EN PLANOS
B135: Rehabilitación y mantenimiento del puente peatonal en estructura mixta de madera y sistema de suspensión en la comunidad de La Chorrera, Departamento de Amazonas
B136: ITEM | C136: UN | D136: 2. ESTRUCTURA | E136: ALTO | F136: ANCHO | G136: LARGO | H136: CANTIDAD | I136: TOTAL
D137: =+VLOOKUP(B138,PRESUPUESTO!$C$1:$E$1106,2,FALSE) -> Suministro e instalación de baranda liviana de protección peatonal en malla expandida HR IMT-40, con estructura metálica, anticorrocibo, pintura gris, pasamanos superior y perfil inferior de confinamiento, para puente en madera. | J137: =+I161 -> 116
B138: 4.1 | C138: =+VLOOKUP(B138,PRESUPUESTO!$C$1:$E$1106,3,FALSE) -> ml | D138: COSTADO ESTE | G138: 58 | H138: 1 | I138: =+G138*H138 -> 58
D139: COSTADO OESTE | G139: 58 | H139: 1 | I139: =+G139*H139 -> 58
B161: TOTAL ACTIVIDAD | I161: =+SUM(I138:I160) -> 116
B163: =+B131 -> Proyectó: Jose Luis Galdino - P.U. D.I SPDT - Arquitecto Revisó: Luiza Vera Balarezo - P.U. D.I SPDT - Ingeniera Civil
B166: TABLA DE MEMORIAS | K166: MEMORIAS EN PLANOS
B167: Rehabilitación y mantenimiento del puente peatonal en estructura mixta de madera y sistema de suspensión en la comunidad de La Chorrera, Departamento de Amazonas
B168: ITEM | C168: UN | D168: 2. ESTRUCTURA | E168: ALTO | F168: ANCHO | G168: LARGO | H168: CANTIDAD | I168: TOTAL
D169: =+VLOOKUP(B170,PRESUPUESTO!$C$1:$E$1106,2,FALSE) -> Limpieza mecanica de catenaria, retirando barro, óxido superficial, pintura deteriorada, material vegetal y demas agentes | J169: =+I182 -> 190
B170: 5.1 | C170: =+VLOOKUP(B170,PRESUPUESTO!$C$1:$E$1106,3,FALSE) -> ml | D170: CATENARIA ESTE | G170: 95 | H170: 1 | I170: =+G170*H170 -> 95
D171: CATENARIA OESTE | G171: 95 | H171: 1 | I171: =+G171*H171 -> 95
B182: TOTAL ACTIVIDAD | I182: =+SUM(I170:I181) -> 190
B184: =+B163 -> Proyectó: Jose Luis Galdino - P.U. D.I SPDT - Arquitecto Revisó: Luiza Vera Balarezo - P.U. D.I SPDT - Ingeniera Civil
B187: TABLA DE MEMORIAS | K187: MEMORIAS EN PLANOS
B188: Rehabilitación y mantenimiento del puente peatonal en estructura mixta de madera y sistema de suspensión en la comunidad de La Chorrera, Departamento de Amazonas
B189: ITEM | C189: UN | D189: 2. ESTRUCTURA | E189: ALTO | F189: ANCHO | G189: LARGO | H189: CANTIDAD | I189: TOTAL
D190: =+VLOOKUP(B191,PRESUPUESTO!$C$1:$E$1106,2,FALSE) -> Aplicación de protección anticorrosiva compatible con cable de acero para catenaria | J190: =+I203 -> 190
B191: 5.2 | C191: =+VLOOKUP(B191,PRESUPUESTO!$C$1:$E$1106,3,FALSE) -> ml | D191: CATENARIA ESTE | G191: 95 | H191: 1 | I191: =+G191*H191 -> 95
D192: CATENARIA OESTE | G192: 95 | H192: 1 | I192: =+G192*H192 -> 95
B203: TOTAL ACTIVIDAD | I203: =+SUM(I191:I202) -> 190
B205: =+B184 -> Proyectó: Jose Luis Galdino - P.U. D.I SPDT - Arquitecto Revisó: Luiza Vera Balarezo - P.U. D.I SPDT - Ingeniera Civil
B208: TABLA DE MEMORIAS | K208: MEMORIAS EN PLANOS
B209: Rehabilitación y mantenimiento del puente peatonal en estructura mixta de madera y sistema de suspensión en la comunidad de La Chorrera, Departamento de Amazonas
B210: ITEM | C210: UN | D210: 2. ESTRUCTURA | E210: ALTO | F210: ANCHO | G210: LARGO | H210: CANTIDAD | I210: TOTAL
D211: =+VLOOKUP(B212,PRESUPUESTO!$C$1:$E$1106,2,FALSE) -> Limpieza mecanica de pendolones, retirando barro, óxido superficial, pintura deteriorada, material vegetal y demas agentes | J211: =+I224 -> 61.2
B212: 5.3 | C212: =+VLOOKUP(B212,PRESUPUESTO!$C$1:$E$1106,3,FALSE) -> ml | D212: Pendolones | E212: =+(3.1+0.3)/2 -> 1.7 | H212: =18*2 -> 36 | I212: =+E212*H212 -> 61.2
B224: TOTAL ACTIVIDAD | I224: =+SUM(I212:I223) -> 61.2
B226: =+B205 -> Proyectó: Jose Luis Galdino - P.U. D.I SPDT - Arquitecto Revisó: Luiza Vera Balarezo - P.U. D.I SPDT - Ingeniera Civil
B231: TABLA DE MEMORIAS | K231: MEMORIAS EN PLANOS
B232: Rehabilitación y mantenimiento del puente peatonal en estructura mixta de madera y sistema de suspensión en la comunidad de La Chorrera, Departamento de Amazonas
B233: ITEM | C233: UN | D233: 2. ESTRUCTURA | E233: ALTO | F233: ANCHO | G233: LARGO | H233: CANTIDAD | I233: TOTAL
D234: =+VLOOKUP(B235,PRESUPUESTO!$C$1:$E$1106,2,FALSE) -> Aplicación de protección anticorrosiva y pintura compatible con acero para pendolones | J234: =+I247 -> 61.2
B235: 5.4 | C235: =+VLOOKUP(B235,PRESUPUESTO!$C$1:$E$1106,3,FALSE) -> ml | D235: Pendolones | E235: =+(3.1+0.3)/2 -> 1.7 | H235: =18*2 -> 36 | I235: =+E235*H235 -> 61.2
B247: TOTAL ACTIVIDAD | I247: =+SUM(I235:I246) -> 61.2
B249: =+B226 -> Proyectó: Jose Luis Galdino - P.U. D.I SPDT - Arquitecto Revisó: Luiza Vera Balarezo - P.U. D.I SPDT - Ingeniera Civil
B252: TABLA DE MEMORIAS | K252: MEMORIAS EN PLANOS
B253: Rehabilitación y mantenimiento del puente peatonal en estructura mixta de madera y sistema de suspensión en la comunidad de La Chorrera, Departamento de Amazonas
B254: ITEM | C254: UN | D254: 2. ESTRUCTURA | E254: ALTO | F254: ANCHO | G254: Cantidad de caras | H254: CANTIDAD DE ELEMENTOS | I254: TOTAL
D255: =+VLOOKUP(B256,PRESUPUESTO!$C$1:$E$1106,2,FALSE) -> Limpieza mecanica de porticos, retirando barro, pintura deteriorada, material vegetal y demas agentes | J255: =+I268 -> 55.2
B256: 6.1 | C256: =+VLOOKUP(B256,PRESUPUESTO!$C$1:$E$1106,3,FALSE) -> m2 | D256: PORTICO 1 COLUMNAS | E256: 7 | F256: 0.35 | G256: 4 | H256: 2 | I256: =+E256*F256*G256*H256 -> 19.6
D257: PORTICO 1 VIGA | E257: 0.2 | F257: 2.5 | G257: 4 | H257: 4 | I257: =+E257*F257*G257*H257 -> 8
D258: PORTICO 2 COLUMNAS | E258: 7 | F258: 0.35 | G258: 4 | H258: 2 | I258: =+E258*F258*G258*H258 -> 19.6
D259: PORTICO 2 VIGA | E259: 0.2 | F259: 2.5 | G259: 4 | H259: 4 | I259: =+E259*F259*G259*H259 -> 8
B268: TOTAL ACTIVIDAD | I268: =+SUM(I256:I267) -> 55.2
B270: =+B249 -> Proyectó: Jose Luis Galdino - P.U. D.I SPDT - Arquitecto Revisó: Luiza Vera Balarezo - P.U. D.I SPDT - Ingeniera Civil
...

Sheet ANALISIS BASICOS
C1: REPUBLICA DE COLOMBIA
C2: GOBERNACIÓN DEL AMAZONAS
C3: SECRETARIA DE PLANEACIÓN E INFRAESTRUCTURA
B5: =+PRESUPUESTO!C6 -> Rehabilitación y mantenimiento del puente peatonal en estructura mixta de madera y sistema de suspensión en la comunidad de La Chorrera, Departamento de Amazonas | J5: Página : | K5: 1
J6: De: | K6: 1
J7: Fecha : | K7: 05/05/2026
J8: Versión: | K8: 1
B10: ANALISIS BASICOS
B12: CONCRET0 2500 | C12: M3
B14: Agua | C14: Lt | D14: 190 | E14: =+VLOOKUP(B14,'INSUMOS 2026'!$C$5:$F$359,4) -> 336.32 | F14: =+D14*E14 -> 63900.8 | M14: 57000
B15: ARENA DE LA REGION | C15: m3 | D15: 0.55 | E15: =+VLOOKUP(B15,'INSUMOS 2026'!$C$5:$F$359,4) -> 262750 | F15: =+D15*E15 -> 144512.5 | M15: 167750
B16: CEMENTO GRIS | C16: Kg | D16: 280 | E16: =+VLOOKUP(B16,'INSUMOS 2026'!$C$5:$F$359,4) -> 1261.2 | F16: =+D16*E16 -> 353136 | M16: 336000
B17: GRAVA TRITURADA | C17: m3 | D17: 0.89 | E17: 578050 | F17: =+D17*E17 -> 514464.5 | M17: 507300
B18: Mezcladora | C18: Dd | D18: 0.3 | E18: 52392.35 | F18: =+D18*E18 -> 15717.705 | M18: 45000
B19: Cuadrilla 9 - 1 Ofc + 8 Ayd | C19: Hh | D19: 4 | E19: 19077.184 | F19: =+D19*E19 -> 76308.738 | M19: 573518.25
E20: SUBTOTAL | F20: =SUM(F14:F19) -> 1168040.2 | M20: 1686568.3
B21: Transporte | C21: Kg | D21: =+(D15*1000)+D16+(D17*1000) -> 1720 | E21: =+'TRANSPORTE 2026'!$G$24 -> 2417.3 | F21: =+D21*E21 -> 4157756
B22: Desperdicio | C22: % | D22: 1 | E22: =+F20*D22/100 -> 11680.402 | M22: 1703433.9
E23: TOTAL | F23: =+F20+E22+F21 -> 5337476.6
B25: MORTERO LIMPIEZA 1:5 | C25: M3
M26: 66000
B27: Agua | C27: Lt | D27: 220 | E27: 336.32 | F27: =+D27*E27 -> 73990.4 | M27: 359900
B28: ARENA DE LA REGION | C28: m3 | D28: 1.18 | E28: 262750 | F28: =+D28*E28 -> 310045 | M28: 362400
B29: CEMENTO GRIS | C29: Kg | D29: 302 | E29: 1261.2 | F29: =+D29*E29 -> 380882.4 | M29: 60768.689
B30: Cuadrilla 1 - 1 Ayd | C30: Hh | D30: 4 | E30: 15192.172 | F30: =+D30*E30 -> 60768.689 | M30: 849068.69
B31: Transporte | C31: Kg | D31: =+(D28*1000)+D29 -> 1482 | E31: =+'TRANSPORTE 2026'!$G$24 -> 2417.3 | F31: =+D31*E31 -> 3582438.6
E32: TOTAL | F32: =SUM(F27:F31) -> 4408125.1
B34: ARENA CEMENTO 1:5 | C34: M3 | M34: 396500
M35: 198000
B36: ARENA DE LA REGION | C36: m3 | D36: 1.3 | E36: 262750 | F36: =+D36*E36 -> 341575 | M36: 60768.689
B37: CEMENTO GRIS | C37: Kg | D37: 165 | E37: 1261.2 | F37: =+D37*E37 -> 208098 | M37: 655268.69
B38: Cuadrilla 1 - 1 Ayd | C38: Hh | D38: 4 | E38: 15192.172 | F38: =+D38*E38 -> 60768.689 | M38: 29725
E39: TOTAL | F39: =SUM(F36:F38) -> 610441.69 | M39: 684993.69
B40: Transporte | C40: Kg | D40: =+(D36*1000)+D37 -> 1465 | E40: =+'TRANSPORTE 2026'!$G$24 -> 2417.3 | F40: =+D40*E40 -> 3541344.5
B41: Desperdicio | C41: % | D41: 5 | F41: =+(F36+F37)*D41% -> 27483.65
F42: =+F39+F41+F40 -> 4179269.8
M43: 381250
B44: ARENA CEMENTO 1:10 | C44: M3 | M44: 150000
M45: 60768.689
B46: ARENA DE LA REGION | C46: m3 | D46: 1.25 | E46: 262750 | F46: =+D46*E46 -> 328437.5 | M46: 592018.69
B47: CEMENTO GRIS | C47: Kg | D47: 125 | E47: 1261.2 | F47: =+D47*E47 -> 157650 | M47: 26562.5
B48: Cuadrilla 1 - 1 Ayd | C48: Hh | D48: 4 | E48: 15192.172 | F48: =+D48*E48 -> 60768.689 | M48: 652787.38
E49: TOTAL | F49: =SUM(F46:F48) -> 546856.19
B50: Transporte | C50: Kg | D50: =+(D46*1000)+D47 -> 1375 | E50: =+'TRANSPORTE 2026'!$G$24 -> 2417.3 | F50: =+D50*E50 -> 3323787.5
B51: Desperdicio | C51: % | D51: 5 | F51: =+(F46+F47)*D51% -> 24304.375
E52: TOTAL | F52: =+F50+F49+F51 -> 3894948.1 | M52: 3000
M53: 332450
B54: MORTERO 1:3 IMPERMAB | C54: M3 | M54: 544800
M55: 7375
B56: Agua | C56: Lt | D56: 10 | E56: 336.32 | F56: =+D56*E56 -> 3363.2 | M56: 60768.689
B57: ARENA DE LA REGION | C57: m3 | D57: 1.09 | E57: 262750 | F57: =+D57*E57 -> 286397.5 | M57: 948393.69
B58: CEMENTO GRIS | C58: Kg | D58: 454 | E58: 1261.2 | F58: =+D58*E58 -> 572584.8
B59: Sika 1 | C59: Kg | D59: 0.5 | E59: 14750 | F59: =+D59*E59 -> 7375
B60: Cuadrilla 1 - 1 Ayd | C60: Hh | D60: 4 | E60: 15192.172 | F60: =+D60*E60 -> 60768.689
B61: Transporte | C61: Kg | D61: =+(D57*1000)+D58+D59 -> 1544.5 | E61: =+'TRANSPORTE 2026'!$G$24 -> 2417.3 | F61: =+D61*E61 -> 3733519.9 | M61: 3000
E62: TOTAL | F62: =SUM(F56:F61) -> 4664009 | M62: 332450
M63: 544800
B64: MORTERO 1:3 | C64: M3 | M64: 60768.689
M65: 941018.69
B66: Agua | C66: Lt | D66: 10 | E66: 336.32 | F66: =+D66*E66 -> 3363.2
B67: ARENA DE LA REGION | C67: m3 | D67: 1.09 | E67: 262750 | F67: =+D67*E67 -> 286397.5
B68: CEMENTO GRIS | C68: Kg | D68: 454 | E68: 1261.2 | F68: =+D68*E68 -> 572584.8
B69: Cuadrilla 1 - 1 Ayd | C69: Hh | D69: 4 | E69: 15192.172 | F69: =+D69*E69 -> 60768.689 | M69: 1900
B70: Transporte | C70: Kg | D70: =+(D67*1000)+D68 -> 1544 | E70: =+'TRANSPORTE 2026'!$G$24 -> 2417.3 | F70: =+D70*E70 -> 3732311.2 | M70: 228750
E71: TOTAL | F71: =SUM(F66:F70) -> 4655425.4 | M71: 420000
M72: 114000
B73: CONCRET0 1:2:3 IMP | C73: M3 | M73: 170000
M74: 30000
B75: Agua | C75: Lt | D75: 190 | E75: 336.32 | F75: =+D75*E75 -> 63900.8 | M75: 89960.8
B76: ARENA DE LA REGION | C76: m3 | D76: 0.75 | E76: 262750 | F76: =+D76*E76 -> 197062.5 | M76: 26074.07
B77: CEMENTO GRIS | C77: Kg | D77: 350 | E77: 1261.2 | F77: =+D77*E77 -> 441420 | M77: 1080684.9
B78: GRAVA TRITURADA | C78: m3 | D78: 0.2 | E78: 578050 | F78: =+D78*E78 -> 115610
B79: Sika Plastocrete DM | C79: Kg | D79: 2 | E79: 85000 | F79: =+D79*E79 -> 170000 | M79: 1091491.7
B80: Mezcladora | C80: Dd | D80: 0.2 | E80: =+E18 -> 52392.35 | F80: =+D80*E80 -> 10478.47
B81: Oficial | C81: Hh | D81: =+D19 -> 4 | E81: 22490.2 | F81: =+D81*E81 -> 89960.8
B82: Ayudante | C82: Hh | D82: 2.2 | E82: 11851.85 | F82: =+D82*E82 -> 26074.07
E83: SUBTOTAL | F83: =SUM(F75:F82) -> 1114506.6 | M83: 57000
B84: Transporte | C84: Kg | D84: =+(D76*1000)+D77+(D78*1000)+D79 -> 1302 | E84: =+'TRANSPORTE 2026'!$G$24 -> 2417.3 | F84: =+D84*E84 -> 3147324.6 | M84: 158600
B85: Desperdicio | C85: % | D85: 1 | E85: =+F83*D85/100 -> 11145.066 | M85: 384000
E86: TOTAL | F86: =+F83+E85+F84 -> 4272976.3 | M86: 513000
M87: 45000
B88: CONCRET0 3000 | C88: M3 | M88: 573518.25
M89: 1731118.3
B90: Agua | C90: Lt | D90: 190 | E90: 336.32 | F90: =+D90*E90 -> 63900.8
B91: ARENA DE LA REGION | C91: m3 | D91: 0.52 | E91: 262750 | F91: =+D91*E91 -> 136630 | M91: 1817674.2
B92: CEMENTO GRIS | C92: Kg | D92: 320 | E92: 1261.2 | F92: =+D92*E92 -> 403584
B93: GRAVA TRITURADA | C93: m3 | D93: 0.9 | E93: 578050 | F93: =+D93*E93 -> 520245
B94: Mezcladora | C94: Dd | D94: 0.3 | E94: 150000 | F94: =+D94*E94 -> 45000
B95: Cuadrilla 9 - 1 Ofc + 8 Ayd | C95: Hh | D95: 4 | E95: 143379.56 | F95: =+D95*E95 -> 573518.25 | M95: 57000
E96: SUBTOTAL | F96: =SUM(F90:F95) -> 1742878.1 | M96: 167750
B97: Transporte | C97: Kg | D97: =+(D91*1000)+D92+(D93*1000) -> 1740 | E97: =+'TRANSPORTE 2026'!$G$24 -> 2417.3 | F97: =+D97*E97 -> 4206102 | M97: 276000
B98: Desperdicio | C98: % | D98: 5 | E98: =+F96*D98/100 -> 87143.903 | M98: 524400
E99: TOTAL | F99: =+F96+E98+F97 -> 6036124 | M99: 45000
M100: 573518.25
B101: CONCRET0 2000 | C101: M3 | M101: 1643668.3
B103: Agua | C103: Lt | D103: 190 | E103: 336.32 | F103: =+D103*E103 -> 63900.8 | M103: 1725851.7
B104: ARENA DE LA REGION | C104: m3 | D104: 0.55 | E104: 262750 | F104: =+D104*E104 -> 144512.5
B105: CEMENTO GRIS | C105: Kg | D105: 230 | E105: 1261.2 | F105: =+D105*E105 -> 290076
B106: GRAVA TRITURADA | C106: m3 | D106: 0.92 | E106: 578050 | F106: =+D106*E106 -> 531806
B107: Mezcladora | C107: Dd | D107: =+D94 -> 0.3 | E107: 150000 | F107: =+D107*E107 -> 45000 | M107: 57000
...

Sheet TRANSPORTE 2026
C4: GOBERNACION DEL AMAZONAS
C5: SECRETARIA DE PLANEACION Y DESARROLLO TERRITORIAL
C6: FORMULACION DE PROYECTOS
B10: TABLA VALOR TRANSPORTE | E10: AÑO | F10: 2026 | G10: 2026
B12: ITEM | C12: DESDE EL MUNICIPIO DE LETICIA | D12: TIPO DE TRANSPORTE | E12: UND | F12: VALOR | G12: IPC 2026 (5,10%)
B13: 1 | C13: AREA SUB URBANA Y DE EXPANSION Y AREA RURAL (CARRETERA LETICIA TARAPACA DESDE EL KM 6 AL KM 25 | D13: TERRESTRE | E13: KG | F13: 150 | G13: =(F13*5.1/100+F13) -> 157.65
B14: MUNICIPIOS
B15: 2 | C15: MUNICIPIO DE PUERTO NARIÑO | D15: FLUVIAL | E15: KG | F15: 300 | G15: =(F15*5.1/100+F15) -> 315.3
B16: CORREGIMIENTOS
B17: 3 | C17: TARAPACA - FLUVIAL | D17: FLUVIAL | E17: KG | F17: 1500 | G17: =(F17*5.1/100+F17) -> 1576.5
B18: 4 | C18: TARAPACA - AEREO | D18: AEREO | E18: KG | F18: 3500 | G18: =(F18*5.1/100+F18) -> 3678.5
B19: 5 | C19: PEDRERA - FLUVIAL | D19: FLUVIAL | E19: KG | F19: 1700 | G19: =(F19*5.1/100+F19) -> 1786.7
B20: 6 | C20: PEDRERA- AEREO | D20: AEREO | E20: KG | F20: 3700 | G20: =(F20*5.1/100+F20) -> 3888.7
B21: 7 | C21: ARICA - TRANSPORTE | D21: FLUVIAL | E21: KG | F21: 1800 | G21: =(F21*5.1/100+F21) -> 1891.8
B22: 8 | C22: MIRITI - TRANSPORTE | D22: FLUVIAL | E22: KG | F22: 3100 | G22: =(F22*5.1/100+F22) -> 3258.1
B23: 9 | C23: EL ENCANTO - TRANSPORTE | D23: FLUVIAL | E23: KG | F23: 2200 | G23: =(F23*5.1/100+F23) -> 2312.2
B24: 10 | C24: LA CHORRERA - FLUVIAL | D24: FLUVIAL | E24: KG | F24: 2300 | G24: =(F24*5.1/100+F24) -> 2417.3
B25: 11 | C25: LA CHORRERA - AEREO | D25: AEREO | E25: KG | F25: 4100 | G25: =(F25*5.1/100+F25) -> 4309.1
B26: 12 | C26: PUERTO ALEGRIA - TRANSPORTE | D26: FLUVIAL | E26: KG | F26: 2500 | G26: =(F26*5.1/100+F26) -> 2627.5
B27: 13 | C27: PUERTO SANTANDER - FLUVIAL | D27: FLUVIAL | E27: KG | F27: 2600 | G27: =(F27*5.1/100+F27) -> 2732.6
B28: 14 | C28: PUERTO SANTANDER -AEREO | D28: AEREO | E28: KG | F28: 4300 | G28: =(F28*5.1/100+F28) -> 4519.3
B29: 15 | C29: LA VICTORIA - TRANSPORTE | D29: FLUVIAL | E29: KG
B30: COMUNIDADES RIBEREÑAS RIO AMAZONAS JURISDICCION MUNICIPIO DE LETICIA
B31: 16 | C31: RONDA - TRANSPORTE | D31: FLUVIAL | E31: KG | F31: 270 | G31: =(F31*5.1/100+F31) -> 283.77
B32: 17 | C32: SAN JOSE DEL RIO - TRANSPORTE | D32: FLUVIAL | E32: KG | F32: 270 | G32: =(F32*5.1/100+F32) -> 283.77
B33: 18 | C33: NAZARETH - TRANSPORTE | D33: FLUVIAL | E33: KG | F33: 270 | G33: =(F33*5.1/100+F33) -> 283.77
B34: 19 | C34: ARARA - TRANSPORTE | D34: FLUVIAL | E34: KG | F34: 270 | G34: =(F34*5.1/100+F34) -> 283.77
B35: 20 | C35: YAGUAS - TRANSPORTE | D35: FLUVIAL | E35: KG | F35: 270 | G35: =(F35*5.1/100+F35) -> 283.77
B36: 21 | C36: LOMA LINDA - TRANSPORTE | D36: FLUVIAL | E36: KG | F36: 270 | G36: =(F36*5.1/100+F36) -> 283.77
B37: 22 | C37: NUEVO JARDIN - TRANSPORTE | D37: FLUVIAL | E37: KG | F37: 270 | G37: =(F37*5.1/100+F37) -> 283.77
B38: 23 | C38: EL PROGRESO - TRANSPORTE | D38: FLUVIAL | E38: KG | F38: 270 | G38: =(F38*5.1/100+F38) -> 283.77
B39: 24 | C39: SANTA SOFIA - TRANSPORTE | D39: FLUVIAL | E39: KG | F39: 270 | G39: =(F39*5.1/100+F39) -> 283.77
B40: 25 | C40: PUERTO TRIUNFO - TRANSPORTE | D40: FLUVIAL | E40: KG | F40: 270 | G40: =(F40*5.1/100+F40) -> 283.77
B41: 26 | C41: LA LIBERTAD - TRANSPORTE | D41: FLUVIAL | E41: KG | F41: 270 | G41: =(F41*5.1/100+F41) -> 283.77
B42: 27 | C42: ZARAGOZA - TRANSPORTE | D42: FLUVIAL | E42: KG | F42: 270 | G42: =(F42*5.1/100+F42) -> 283.77
... B48: 33 | C48: LETICIA COMUNIDADES DEL RIO TRAECIO AMAZONICO - TRANSPORTE | D48: FLUVIAL | E48: KG | F48: 270 | G48: =(F48*5.1/100+F48) -> 283.77
B49: COMUNIDADES RIBEREÑAS RIO AMAZONAS JURISDICCION MUNICIPIO DE PUERTO NARIÑO - TRANSPORTE DESDE EL MUNICIPIO DE PUERTO NARIÑO
B50: 34 | C50: VALENCIA - TRANSPORTE | D50: FLUVIAL | E50: KG | F50: 200 | G50: =(F50*5.1/100+F50) -> 210.2
B51: 35 | C51: PUERTO ESPERANZA - TRANSPORTE | D51: FLUVIAL | E51: KG | F51: 200 | G51: =(F51*5.1/100+F51) -> 210.2
B52: 36 | C52: 20 DE JULIO - TRANSPORTE | D52: FLUVIAL | E52: KG | F52: 200 | G52: =(F52*5.1/100+F52) -> 210.2
B53: 37 | C53: SAN FRANCISCO - TRANSPORTE | D53: FLUVIAL | E53: KG | F53: 200 | G53: =(F53*5.1/100+F53) -> 210.2
B54: 38 | C54: EL PARAISO - TRANSPORTE | D54: FLUVIAL | E54: KG | F54: 200 | G54: =(F54*5.1/100+F54) -> 210.2
B55: 39 | C55: SANTA TERESITA - TRANSPORTE | D55: FLUVIAL | E55: KG | F55: 200 | G55: =(F55*5.1/100+F55) -> 210.2
B56: 40 | C56: VILLA ANDREA - TRANSPORTE | D56: FLUVIAL | E56: KG | F56: 200 | G56: =(F56*5.1/100+F56) -> 210.2
B57: 41 | C57: SAN JUAN DEL SOCO - TRANSPORTE | D57: FLUVIAL | E57: KG | F57: 250 | G57: =(F57*5.1/100+F57) -> 262.75
B58: 42 | C58: 12 DE OCTUBRE - TRANSPORTE | D58: FLUVIAL | E58: KG | F58: 250 | G58: =(F58*5.1/100+F58) -> 262.75
B59: 43 | C59: SANTAREN - TRANSPORTE | D59: FLUVIAL | E59: KG | F59: 250 | G59: =(F59*5.1/100+F59) -> 262.75
B60: 44 | C60: SAN PEDRO DE TIPISCA - TRANSPORTE | D60: FLUVIAL | E60: KG | F60: 250 | G60: =(F60*5.1/100+F60) -> 262.75
B61: 45 | C61: PUERTO RICO - TRANSPORTE | D61: FLUVIAL | E61: KG | F61: 250 | G61: =(F61*5.1/100+F61) -> 262.75
... B68: 52 | C68: SAN JUAN DE ATACUARI - TRANSPORTE | D68: FLUVIAL | E68: KG | F68: 250 | G68: =(F68*5.1/100+F68) -> 262.75
B69: TRANSPORTE BOGOTA - LETICIA
B70: 53 | C70: BOGOTA - LETICIA | D70: FLUVIAL | E70: KG
B71: 54 | C71: BOGOTA - LETICIA - AEROLINEA DE CARGA | D71: AEREO | E71: KG | F71: 8500 | G71: =(F71*5.1/100+F71) -> 8933.5
B72: ACARREO HORIZONTAL
B73: 55 | C73: ACARREO DESDE LA ORILLA DE RIO HASTA EL SITIO DE OBRA - MUNICIPIO DE PUERTO NARIÑO | D73: TERRESTRE | E73: KG | F73: 250 | G73: =(F73*5.1/100+F73) -> 262.75
B74: 56 | C74: ACARREO DESDE LA ORILLA DE RIO HASTA EL SITIO DE LA OBRA - AREAS RIBEREÑAS RIO AMAZONAS - MUNICIPIO DE PUERTO NARIÑO | D74: TERRESTRE | E74: KG | F74: 275 | G74: =(F74*5.1/100+F74) -> 289.025
B75: 57 | C75: ACARREO DESDE LA ORILLA DE RIO HASTA EL SITIO DE OBRA CORREGIMIENTOS | D75: TERRESTRE | E75: KG | F75: 300 | G75: =(F75*5.1/100+F75) -> 315.3
B76: 58 | C76: ACARREO DESDE LA ORILLA DE RIO HASTA EL SITIO DE LA OBRA - AREAS RIBEREÑAS RIO AMAZONAS - MUNICIPIO DE LETICIA | D76: TERRESTRE | E76: KG | F76: 200 | G76: =(F76*5.1/100+F76) -> 210.2
B77: CARGUE Y DESCARGUE DE LA EMBARCACION O AERONAVE
B78: 59 | C78: CARGUE Y DESCARGUE DE LA EMBARCACION | D78: TERRESTRE | E78: KG | F78: 150 | G78: =(F78*5.1/100+F78) -> 157.65
B79: 60 | C79: CARGUE Y DESCARGUE DE LA AERONAVE | D79: TERRESTRE | E79: KG | F79: 300 | G79: =(F79*5.1/100+F79) -> 315.3
B80: TRANSPORTE PUERTO ASIS - LETICIA
B81: 61 | C81: BOGOTA - PUERTO ASIS | D81: TERRESTRE | E81: KG | F81: 1500 | G81: =(F81*5.1/100+F81) -> 1576.5
B82: 62 | C82: PUERTO ASIS - LETICIA | D82: FLUVIAL | E82: KG | F82: 2500 | G82: =(F82*5.1/100+F82) -> 2627.5
B84: Nota: Se debe tener en cuenta que la informacion suministratada sobre el transporte de materiales, es tomada desde el municipio de Leticia, es decir que los materiales son trasladados desde Leticia hasta las diferentes areas pertenecientes al territorio amazonense.
B85: TOTAL | E85: =E67 -> KG | F85: =+F78+F75+F24 -> 2750 | G85: =(F85*5.1/100+F85) -> 2890.25
B87: LISTA GENERAL DE TRANSPORTES
B88: ITEM | C88: DESCRIPCION | D88: TIPO | E88: UND | F88: VALOR
B89: 1 | C89: TRANSPORTE TERRESTRE Y FLUVIAL BOGOTA A SITIO DE OBRA, INCLUYE CARGUE Y DESCARGUE | D89: TERRESTRE | E89: KG | F89: 5500 | G89: =(F89*5.1/100+F89) -> 5780.5
B90: 2 | C90: ACARREO HORIZONTAL | D90: FLUVIAL | E90: KG | F90: 3800 | G90: =(F90*5.1/100+F90) -> 3993.8
B91: 3 | C91: ALQUILER VOLQUETA CAPACIDAD 5 M3 | D91: TERRESTRE | E91: M3 | F91: 220000 | G91: =(F91*5.1/100+F91) -> 231220
B92: 4 | C92: CAMIONETA DE ESTACAS | D92: FLUVIAL | E92: M3-20KM | F92: 50000 | G92: =(F92*5.1/100+F92) -> 52550
B93: 5 | C93: TRANSPORTE AÉREO BOGOTÁ - LETICIA | D93: TERRESTRE | E93: KG | F93: 12000 | G93: =(F93*5.1/100+F93) -> 12612
B94: 6 | C94: TRANSPORTE O ACARREO DE MATERIAL EN OBRA | D94: FLUVIAL | E94: M3-20M | F94: 3800 | G94: =(F94*5.1/100+F94) -> 3993.8
B95: 7 | C95: TRANSPORTE VOLUMEN BOGOTA -LETICIA | D95: TERRESTRE | E95: M3 | F95: 22500 | G95: =(F95*5.1/100+F95) -> 23647.5
B96: 8 | C96: TRANSPORTE VOLUMEN BOGOTA -LETICIA | D96: FLUVIAL | E96: TON | F96: 22501 | G96: =(F96*5.1/100+F96) -> 23648.551
B97: TOTAL | E97: =E79 -> KG | F97: =+F79+F76+F25 -> 4600 | G97: =+G79+G76+G25 -> 4834.6

Sheet INSUMOS 2026
B2: GOBERNACIÓN DEL AMAZONAS SECRETRIA DE PLANEACIÓN Y DESARROLLO TERRITORIAL FORMULACIÓN DE PROYECTOS - DIRECCIÓN DE INFRAESTRUCTURA TABLA DE INSUMOS 2026 IPC(5,10%)
B3: LISTADO DE MATERIALES
B4: ÍTEM | C4: DESCRIPCIÓN | D4: UND | E4: VALOR 2025 | F4: IPC 2026 (5,10%)
B5: 1 | C5: ACERO DE REFUERZO DE 60,000 PSI | D5: KG | E5: 6800 | F5: =(E5*5.1/100+E5) -> 7146.8
B6: 2 | C6: AGUA | D6: LT | E6: 320 | F6: =(E6*5.1/100+E6) -> 336.32
B7: 3 | C7: ALAMBRE NEGRO | D7: KG | E7: 8865 | F7: =(E7*5.1/100+E7) -> 9317.115
B8: 4 | C8: ARANDELA CON NEOPRENO #12 | D8: UND | E8: 30 | F8: =(E8*5.1/100+E8) -> 31.53
B9: 5 | C9: ARANDELA DE PRESIÓN DE 5/8" | D9: UND | E9: 320 | F9: =(E9*5.1/100+E9) -> 336.32
B10: 6 | C10: ARANDELA PLANA ZINCADA 1/2" | D10: UND | E10: 500 | F10: =(E10*5.1/100+E10) -> 525.5
B11: 7 | C11: ARANDELA REDONDA DE 5/8" | D11: UND | E11: 856 | F11: =(E11*5.1/100+E11) -> 899.656
B12: 8 | C12: ARENA DE LA REGION | D12: M3 | E12: 250000 | F12: =(E12*5.1/100+E12) -> 262750
B13: 9 | C13: BARANDILLA EN ACERO ESTRUCTURAL CON POSTES CADA 2.00 M, H=1.0M , RELLENO EN BARRAS VERTICALES Y FIJACIÓN MEDIANTE PLACA DE ANCLAJE. | D13: ML | E13: 198589 | F13: =(E13*5.1/100+E13) -> 208717.04
B14: 10 | C14: BASICO CONCRETO 1500 PSI | D14: M3 | E14: 1009343 | F14: =(E14*5.1/100+E14) -> 1060819.5
B15: 11 | C15: BASICO CONCRETO 2000 PSI | D15: M3 | F15: 2177929.2
B16: 12 | C16: BASICO CONCRETO 3000 PSI | D16: M3 | F16: 2287207
B17: 13 | C17: BÁSICO: MORTERO 1:3 | D17: M3 | F17: 1336306.6
B18: 14 | C18: CABALLETE TEJA DE ZINC CAL 33x2M | D18: ML | E18: 30000 | F18: =(E18*5.1/100+E18) -> 31530
B19: 15 | C19: CABALLETE TERMOACUSTICO | D19: ML | E19: 44900 | F19: =(E19*5.1/100+E19) -> 47189.9
B20: 16 | C20: CEMENTO GRIS | D20: KG | E20: 1200 | F20: =(E20*5.1/100+E20) -> 1261.2
B21: 17 | C21: COLUMNA DE MADERA QUINILLA, MATAMATA O SIMILAR DE 0,10M X 0,10M | D21: ML | E21: 20000 | F21: =(E21*5.1/100+E21) -> 21020
B22: 18 | C22: CONCREMALLA M221 6.5MM 15X15 2.35X6 | D22: UND | E22: 419820 | F22: =(E22*5.1/100+E22) -> 441230.82
B23: 19 | C23: CONCREMALLA M221 8.0MM 15X15 2.35X6 | D23: UND | E23: 428950 | F23: =(E23*5.1/100+E23) -> 450826.45
B24: 20 | C24: CONECTORES DE CORTANTE | D24: UND | E24: 3940 | F24: 4035.84
B25: 21 | C25: CONSUMIBLES (DISCO DE CORTE, SOLDADURAS) | D25: KG | E25: 18151.46 | F25: =(E25*5.1/100+E25) -> 19077.184
B26: 22 | C26: DISCO DE CORTE DIAMANTADO | D26: UND | E26: 1207500 | F26: =(E26*5.1/100+E26) -> 1269082.5
B27: 23 | C27: ESTACAS DE MADERA | D27: UND | E27: 1725 | F27: =(E27*5.1/100+E27) -> 1812.975
B28: 24 | C28: GRAVA TRITURADA | D28: M3 | E28: 550000 | F28: =(E28*5.1/100+E28) -> 578050
B29: 25 | C29: GRAVILLA DE LA REGION (SEIXO) | D29: M3 | E29: 470000 | F29: =(E29*5.1/100+E29) -> 493970
B30: 26 | C30: GRAVILLA DE RIO | D30: M3 | E30: 400000 | F30: =(E30*5.1/100+E30) -> 420400
B31: 27 | C31: GRAVILLA M3 | D31: M3 | E31: 350000 | F31: =(E31*5.1/100+E31) -> 367850
B32: 28 | C32: HIERRO DE TRANSFERENCIA | D32: KG | E32: 177000 | F32: =(E32*5.1/100+E32) -> 186027
B33: 29 | C33: HILO NYLON X 200 M | D33: UND | E33: 13225 | F33: =(E33*5.1/100+E33) -> 13899.475
B34: 30 | C34: INMUNIZANTE X LITRO LORSBAN O SIMILAR | D34: GLN | E34: 55000 | F34: =(E34*5.1/100+E34) -> 57805
B35: 31 | C35: LISTON 2"X2"X4M CASTAÑO O SIMILAR | D35: UND | E35: 28750 | F35: =(E35*5.1/100+E35) -> 30216.25
B36: 32 | C36: LISTON 3X3X3 | D36: UN | E36: 3900 | F36: =(E36*5.1/100+E36) -> 4098.9
... B46: 42 | C46: METALDECK 2PG 940X5600MM CAL.22 0.75MM | D46: M2 | E46: 49850 | F46: =(E46*5.1/100+E46) -> 52392.35
B47: 43 | C47: MORTERO 1:3 | D47: M3 | F47: 1328800.2
B48: 44 | C48: PINTURA ANTICORROSIVA ROJA CORROTEC 1 GALÓN | D48: L | E48: 21370 | F48: =(E48*5.1/100+E48) -> 22459.87
B49: 45 | C49: PLACA DE ANCLAJE DE ACERO A 36 EN PERFIL PLANO, CON TALADRO CENTRAL BISELADO, DE 300X200 MM Y ESPESOR 12 MM, CON 4 PERNOS SOLDADOS, DE ACERO CORRUGADO GRADO 60 (FY=4200 KG/CM²) DE 12 MM DE DIÁMETRO Y 50 CM DE LONGITUD TOTAL. | D49: UND | E49: 78841 | F49: =(E49*5.1/100+E49) -> 82861.891
B50: 46 | C50: PUNTILLA MADERA | D50: LB | E50: 6000 | F50: =(E50*5.1/100+E50) -> 6306
B51: 47 | C51: PUNTILLA ZINC 2-1/2" | D51: LB | E51: 8000 | F51: =(E51*5.1/100+E51) -> 8408
B52: 48 | C52: PUNTILLA ZINC 2-1/2" CAL 9 | D52: LB | E52: 8660 | F52: =(E52*5.1/100+E52) -> 9101.66
B53: 49 | C53: SEGUETA | D53: UND | E53: 2000 | F53: =(E53*5.1/100+E53) -> 2102
B54: 50 | C54: TABLA FORMALETA | D54: UND | E54: 35000 | F54: =(E54*5.1/100+E54) -> 36785
B55: 51 | C55: TABLA FORMALETA 1"X8"X4M | D55: UND | E55: 28000 | F55: =(E55*5.1/100+E55) -> 29428
B56: 52 | C56: TABLON EN MADERA MATAMATA, CAPIRONA, LAGARTO U SIMILAR DE 2" X 0,30M | D56: ML | E56: 25000 | F56: =(E56*5.1/100+E56) -> 26275
B57: 53 | C57: TEJA ZINC GALVANIZADO CAL 33 0,80x3,05M | D57: UND | E57: 30500 | F57: =(E57*5.1/100+E57) -> 32055.5
B58: 54 | C58: TEJA ZINC GALVANIZADO CAL 34 A-740X30 | D58: UND | E58: 32055.5 | F58: =(E58*5.1/100+E58) -> 33690.33
B59: 55 | C59: TEJA ZINC GALVANIZADO 55 CAL 34 A-740 L=3.6 M | D59: UND | E59: 35734 | F59: =(E59*5.1/100+E59) -> 37556.434
... B61: 57 | C61: TUERCA 1/2" ZINCADA | D61: UND | E61: 3700 | F61: =(E61*5.1/100+E61) -> 3888.7
B62: 58 | C62: VARILLA ROSCADA D= 1/2" X 1M | D62: ML | E62: 12000 | F62: 12612
B63: 59 | C63: VARILLONES EN MADERA QUINILLA, MATAMATA O SIMILAR DE 2" X 2". | D63: ML | E63: 7554.0625 | F63: =(E63*5.1/100+E63) -> 7939.3197
B64: 60 | C64: VIGA / TABLON 3"X8"X4M | D64: ML | E64: 43750 | F64: =(E64*5.1/100+E64) -> 45981.25
B65: 61 | C65: VIGA IPE 200MM X 6M A572/G50 | D65: UND | E65: 895000 | F65: =+E65 -> 895000
B66: 62 | C66: ZINC TEJA 0,230MM 800X3048MM CAL. 33 | D66: UND | E66: 52000 | F66: =(E66*5.1/100+E66) -> 54652
B67: 63 | C67: ZINC TEJA 0,230MM 800X3048MM CAL. 33 | D67: UND | E67: 43800 | F67: =(E67*5.1/100+E67) -> 46033.8
B68: 64 | C68: VIGA EN MADERA QUINILLA, MATAMATA O SIMILAR DE 0,20 M X 0,20 M | D68: ML | F68: =200000*1.15/4 -> 57500
B69: 65 | C69: VIGA EN MADERA QUINILLA, MATAMATA O SIMILAR DE 0,15 M X 0,20 M | D69: ML | F69: =150000*1.15/4 -> 43125
B70: 66 | C70: Malla eslabonada galvanizada, altura aproximada 1,10 m a 1,20 m | D70: M2 | F70: 32000
B71: 67 | C71: Tubería galvanizada para pasamanos superior, aprox. Ø 1 1/2” o similar | D71: ML | F71: 22000
B72: 68 | C72: Tubería galvanizada o ángulo metálico liviano para perfil inferior | D72: ML | F72: 18000
B73: 69 | C73: Postes metálicos galvanizados, aprox. Ø 1 1/2” o perfil equivalente | D73: UND | F73: 40000
B74: 70 | C74: Platinas metálicas de anclaje para postes | D74: UND | F74: 22000
B75: 71 | C75: Pernos galvanizados, tuercas y arandelas para fijación | D75: UND | F75: 12000
B76: 72 | C76: Alambre galvanizado de amarre y tensión | D76: ML | F76: 1200
B77: 73 | C77: Grapas, abrazaderas o amarres galvanizados | D77: UND | F77: 6000
B78: 74 | C78: Tensores o elementos de ajuste de malla | D78: UND | F78: 20000
B79: 75 | C79: Soldadura | D79: UND | F79: 115000
B80: 76 | C80: Anticorrosivo | D80: GALON | F80: 170000
B81: 77 | C81: Adhitivo Separol (15kg) | D81: Kg | F81: 35000
... B93: 94 | C93: Discos de corte | D93: UND | F93: 8000
B94: PEDRO ALBERTO PERDOMO REATEGUI Profesional Especialista Apoyo SPDT A25242004 - 15877341

Sheet EQUIPOS 2026
B2: GOBERNACIÓN DEL AMAZONAS SECRETRIA DE PLANEACIÓN Y DESARROLLO TERRITORIAL FORMULACIÓN DE PROYECTOS - DIRECCIÓN DE INFRAESTRUCTURA TABLA DE INSUMOS 2026 IPC(5,10%)
B3: LISTA GENERAL DE EQUIPOS
B4: ITEM | C4: DESCRIPCION | D4: UND | E4: VALOR 2025 | F4: VALOR 2026
B5: 1 | C5: ALQUILER ASPERSOR MANUAL | D5: DIA | E5: 60000 | F5: =(E5*5.1/100+E5) -> 63060
B6: 2 | C6: ALQUILER CAMIONETA DE ESTACAS | D6: HR | E6: 60000 | F6: =(E6*5.1/100+E6) -> 63060
B7: 3 | C7: ALQUILER CANGURO COMPACTADOR | D7: DIA | E7: 220000 | F7: =(E7*5.1/100+E7) -> 231220
B8: 4 | C8: ALQUILER COMPACTADOR DE LLANTA | D8: HR | E8: 150000 | F8: =(E8*5.1/100+E8) -> 157650
B9: 5 | C9: ALQUILER COMPRESOR (BARRIDO Y/0 SOPLADO) | D9: HR | E9: 120000 | F9: =(E9*5.1/100+E9) -> 126120
B10: 6 | C10: ALQUILER DE FORMALETA METÁLICA PARA PAVIMENTO EN CONCRETO HIDRÁULICO (M) | D10: ML | E10: 8000 | F10: =(E10*5.1/100+E10) -> 8408
B11: 7 | C11: ALQUILER EQUIPO DE CORTE | D11: HR | E11: 150000 | F11: =(E11*5.1/100+E11) -> 157650
B12: 8 | C12: ALQUILER EQUIPO DE DEMARCACION | D12: HR | E12: 220000 | F12: =(E12*5.1/100+E12) -> 231220
B13: 9 | C13: ALQUILER EQUIPO DE DEMOLICIÓN TIPO MARTILLO | D13: DIA | E13: 475000 | F13: =(E13*5.1/100+E13) -> 499225
B14: 10 | C14: ALQUILER EQUIPO DE SOLDADURA | D14: DIA | E14: 80000 | F14: =(E14*5.1/100+E14) -> 84080
B15: 11 | C15: ALQUILER EQUIPO DE TOPOGRAFIA (NIVEL, ESTACIÓN) | D15: MES | E15: 2000000 | F15: =(E15*5.1/100+E15) -> 2102000
B16: 12 | C16: ALQUILER EQUIPO DE VACIADO DE CONCRETO | D16: DIA | E16: 250000 | F16: =(E16*5.1/100+E16) -> 262750
... B34: 30 | C34: MANO DE OBRA COMISION TOPOGRAFICA | D34: DIA | E34: 825000 | F34: =(E34*5.1/100+E34) -> 867075
B35: 31 | C35: HERRAMIENTA MENOR | D35: % | E35: 0.1 | F35: 0.1
B36: PEDRO ALBERTO PERDOMO REATEGUI Profesional Especialista Apoyo SPDT A25242004 - 15877341

Sheet CUADRILLAS 2026
B2: VALOR MANO DE OBRA PROTYECTOS DE INVESRION
B3: ANALISIS DE CUADRILLAS - OBRA
B5: AÑO: | C5: 2026
B6: AÑO FISCAL: | C6: 360 | D6: DIAS
B7: SEMANA DE: | C7: 7 | D7: DIAS
B9: DESCRIPCION | C9: CARGO | D9: S BAS DIA | E9: PRESTACIONES | F9: SUEL+PREST
B10: CUADRILLA 01; 1A | C10: AYUDANTE | D10: =ROUND((C55/30),0) -> 66667 | E10: =ROUND(C56/30,0) -> 54871 | F10: =(D10+E10) -> 121538
B12: CUADRILLA 02; 1T | C12: 1 TECNICO | D12: =ROUND(C62/30,0) -> 112642 | E12: =ROUND(C63/30,0) -> 85575 | F12: =(D12+E12) -> 198217 | H12: =+E10/D10 -> 0.82306088
B14: CUADRILLA 03; 3A | C14: 3 AYUDANTES | D14: =D10*3 -> 200001 | E14: =ROUND((C56/30)*3,0) -> 164612 | F14: =(D14+E14) -> 364613
B16: CUADRILLA 04; 4A | C16: 4 AYUDANTES | D16: =D10*4 -> 266668 | E16: =ROUND((C56/30)*4,0) -> 219483 | F16: =(D16+E16) -> 486151
B18: CUADRILLA 05; 1O | C18: OFICIAL | D18: =ROUND(E55/30,0) -> 95848 | E18: =ROUND(E56/30,0) -> 78889 | F18: =D18+E18 -> 174737
C20: OFICIAL | D20: =D18 -> 95848 | E20: =E18 -> 78889 | F20: =D20+E20 -> 174737
C21: AYUDANTE | D21: =D10 -> 66667 | E21: =E10 -> 54871 | F21: =D21+E21 -> 121538
B22: CUADRILLA 06; 1O+1A | D22: =SUM(D20:D21) -> 162515 | E22: =SUM(E20:E21) -> 133760 | F22: =SUM(F20:F21) -> 296275
C23: OFICIAL | D23: =D18 -> 95848 | E23: =E18 -> 78889 | F23: =D23+E23 -> 174737
C24: 2 AYUDANTES | D24: =D10*2 -> 133334 | E24: =(E10*2) -> 109742 | F24: =D24+E24 -> 243076
B25: CUADRILLA 07; 1O+2A | D25: =SUM(D23:D24) -> 229182 | E25: =SUM(E23:E24) -> 188631 | F25: =SUM(F23:F24) -> 417813
C26: OFICIAL | D26: =D18 -> 95848 | E26: =E18 -> 78889 | F26: =D26+E26 -> 174737
C27: 3 AYUDANTES | D27: =D10*3 -> 200001 | E27: =E10*3 -> 164613 | F27: =(D27+E27) -> 364614
B28: CUADRILLA 08; 1O+3A | D28: =SUM(D26:D27) -> 295849 | E28: =SUM(E26:E27) -> 243502 | F28: =SUM(F26:F27) -> 539351
C29: OFICIAL | D29: =D18 -> 95848 | E29: =E18 -> 78889 | F29: =D29+E29 -> 174737
C30: 4 AYUDANTES | D30: =D10*4 -> 266668 | E30: =E10*4 -> 219484 | F30: =(D30+E30) -> 486152
B31: CUADRILLA 14; 1O+4A | D31: =SUM(D29:D30) -> 362516 | E31: =SUM(E29:E30) -> 298373 | F31: =SUM(F29:F30) -> 660889
C32: OFICIAL | D32: =D18 -> 95848 | E32: =E18 -> 78889 | F32: =D32+E32 -> 174737
C33: 5 AYUDANTES | D33: =D10*5 -> 333335 | E33: =E10*5 -> 274355 | F33: =(D33+E33) -> 607690
B34: CUADRILLA 15; 1O+5A | D34: =SUM(D32:D33) -> 429183 | E34: =SUM(E32:E33) -> 353244 | F34: =SUM(F32:F33) -> 782427
C35: OFICIAL | D35: =D18 -> 95848 | E35: =E18 -> 78889 | F35: =D35+E35 -> 174737
C36: 8 AYUDANTES | D36: =D10*8 -> 533336 | E36: =E10*8 -> 438968 | F36: =(D36+E36) -> 972304
B37: CUADRILLA 16; 1O+8A | D37: =SUM(D35:D36) -> 629184 | E37: =SUM(E35:E36) -> 517857 | F37: =SUM(F35:F36) -> 1147041
B38: CUADRILLA 17; 2O | C38: 2 OFICIALES | D38: =D18*2 -> 191696 | E38: =E18*2 -> 157778 | F38: =(D38+E38) -> 349474
C40: 2 OFICIALES | D40: =D18*2 -> 191696 | E40: =E18*2 -> 157778 | F40: =(D40+E40) -> 349474
C41: 4 AYUDANTES | D41: =D10*4 -> 266668 | E41: =E10*4 -> 219484 | F41: =(D41+E41) -> 486152
B42: CUADRILLA 18; 2O+4A | D42: =SUM(D40:D41) -> 458364 | E42: =SUM(E40:E41) -> 377262 | F42: =SUM(F40:F41) -> 835626
B43: COMISION TOPOGRAFIA (TOP+CAD 1+CAD 2) | D43: =ROUND(+D44+D46+D48,0) -> 255897 | E43: =ROUND(+E44+E46+E48,0) -> 203224 | F43: =ROUND(+F44+F46+F48,0) -> 459121
B44: CADENERO 1 | D44: =ROUND(E62/30,0) -> 66667 | E44: =ROUND(E63/30,0) -> 54871 | F44: =D44+E44 -> 121538
B46: CADENERO 2 | D46: =ROUND(F62/30,0) -> 72503 | E46: =ROUND(F63/30,0) -> 59674 | F46: =(D46+E46) -> 132177
B48: TOPOGRAFO | D48: =ROUND(D62/30,0) -> 116727 | E48: =ROUND(D63/30,0) -> 88679 | F48: =(D48+E48) -> 205406
B50: MAESTRO | D50: =ROUND(F55/30,0) -> 107972 | E50: =ROUND(F56/30,0) -> 82028 | F50: =(D50+E50) -> 190000
C52: AYUDANTE | D52: AY. PRACT | E52: OFICIAL | F52: MAESTRO
B53: S.M.M.L.V. | C53: 1750905 | D53: =C53*88% -> 1540796.4 | E53: =(+C53*50%)+C53 -> 2626357.5 | F53: =(+C53*85%)+C53 -> 3239174.2
B54: AUX TRANSP | C54: 249095 | D54: =C54 -> 249095 | E54: =D54 -> 249095
B55: SALARIO MES | C55: =ROUND(C53+C54,0) -> 2000000 | D55: =D53+D54 -> 1789891.4 | E55: =E53+E54 -> 2875452.5 | F55: =F53+F54 -> 3239174.2
B56: PREST | C56: 1646121.3 | D56: 1473189.2 | E56: 2366671.9 | F56: 2460835.5
B57: SAL + PREST | C57: =SUM(C55:C56) -> 3646121.3 | D57: =SUM(D55:D56) -> 3263080.6 | E57: =SUM(E55:E56) -> 5242124.4 | F57: =SUM(F55:F56) -> 5700009.8
C59: TECNICO | D59: TOPOGRAFO | E59: CADENERO 1 | F59: CADENERO 2 CON EXPERIENCIA
B60: S.M.M.L.V. | C60: =((+C53*93%)+C53) -> 3379246.7 | D60: =((+C53*100%)+C53) -> 3501810 | E60: =+C53 -> 1750905 | F60: =(+C53*10%)+C53 -> 1925995.5
B61: AUX TRANSP | E61: =+C54 -> 249095 | F61: =+C54 -> 249095
B62: SALARIO MES | C62: =ROUND(C60+C61,0) -> 3379247 | D62: =ROUND(D60+D61,0) -> 3501810 | E62: =ROUND(E60+E61,0) -> 2000000 | F62: =ROUND(F60+F61,0) -> 2175091
B63: PREST | C63: 2567250.3 | D63: 2660362.7 | E63: 1646121.3 | F63: 1790231.9
B64: SAL + PREST | C64: =SUM(C62:C63) -> 5946497.3 | D64: =SUM(D62:D63) -> 6162172.7 | E64: =SUM(E62:E63) -> 3646121.3 | F64: =SUM(F62:F63) -> 3965322.9
B67: Arq. PEDRO ALBERTO PERDOMO REATEGUI
